 Dungeon Crawl Stone Soup version 0.22-a0-580-gd5db89c (webtiles) character file.

970645 magipi the Gnoll Blade (level 27, -5/226 HPs)
             Began as a Gnoll Berserker on June 30, 2018.
             Was the Champion of the Shining One.
             Slain by Antaeus (7 damage)
             ... on level 7 of Cocytus on July 2, 2018.
             The game lasted 08:11:43 (82547 turns).

magipi the Gnoll Blade (Gnoll Berserker)           Turns: 82547, Time: 08:11:43

Health: -5/226     AC: 44    Str: 27      XL:     27
Magic:  21/47      EV: 25    Int: 19 (23) God:    the Shining One [******]
Gold:   4351       SH:  0    Dex: 16      Spells: 45/66 levels left

rFire    + . .     SeeInvis .   a - +9 longbow (holy)
rCold    + + +     Gourm    .   (shield currently unavailable)
rNeg     + + +     Faith    .   S - +9 ice dragon scales
rPois    .         Spirit   .   Z - +0 hat of the Alphagorgon {*Contam rF+ Str+3}
rElec    +         Reflect  .   V - +2 cloak {MR+}
rCorr    .         Harm     .   m - +0 pair of gloves of the Shining Light {rElec rF+ Int+4}
MR       ++++.                  X - +2 pair of boots {Fly}
Stlth    +++.......             r - amulet of regeneration
HPRegen  0.87/turn              Q - +6 ring of protection
MPRegen  0.30/turn              c - ring "Soymef" {rC+ MR+}

@: frozen, portal projectile, flying, glowing, studying 2 skills, very slow
A: distributed training, fangs 1, horns 1, yellow scales 1, blink, strong 1,
strong nose
}: 11/15 runes: decaying, serpentine, slimy, silver, icy, abyssal, demonic,
glowing, magical, fiery, dark
a: Blink, Divine Shield, Cleansing Flame, Summon Divine Warrior, Renounce
Religion, Cancel Portal Projectile, Stop Flying


You were on level 7 of Cocytus.
You worshipped the Shining One.
The Shining One was exalted by your worship.
You were very hungry.

You visited 13 branches of the dungeon, and saw 61 of its levels.
You visited Pandemonium 1 time, and saw 23 of its levels.
You visited the Abyss 1 time.
You visited 1 bazaar.
You also visited: Trove and Bailey.

You collected 8670 gold pieces.
You spent 4319 gold pieces at shops.

Inventory:

Hand Weapons
 a - a +9 longbow of holy wrath (weapon)
   (Trog gifted it to you on level 3 of the Elven Halls)
 b - a +8 great sword of holy wrath
   (You took it off a tengu reaver on level 5 of the Vaults)
 w - a +8 battleaxe of electrocution
   (You found it on level 10 of the Dungeon)
Missiles
 l - 908 arrows (quivered)
 E - 3 throwing nets
Armour
 m - the +0 pair of gloves of the Shining Light (worn) {rElec rF+ Int+4}
   (You found it on level 3 of the Elven Halls)

   It affects your intelligence (+4).
   It protects you from fire.
   It insulates you from electricity.
 S - +9 ice dragon scales (worn)
   (You found it on level 1 of the Vaults)
 V - a +2 cloak of magic resistance (worn)
   (You took it off Nikola on level 3 of the Elven Halls)
 X - a +2 pair of boots of flying (worn)
   (You acquired it in Pandemonium)
 Z - the +0 hat of the Alphagorgon (worn) {*Contam rF+ Str+3}
   (You acquired it in a bailey)

   It affects your strength (+3).
   It protects you from fire.
   It causes magical contamination when unequipped.
Jewellery
 c - the ring "Soymef" (right hand) {rC+ MR+}
   (You took it off an orc wizard on level 5 of the Vaults)

   [ring of protection from cold]

   It protects you from cold.
   It affects your resistance to hostile enchantments.
 f - the ring of Dakato {rF+ AC+1 Int+3}
   (You found it on level 5 of the Pits of Slime)

   [ring of protection]

   It affects your AC (+1).
   It affects your intelligence (+3).
   It protects you from fire.
 o - an uncursed ring of resist corrosion
   (You found it on level 4 of the Swamp)
 p - the ring of the Raven {rPois rN+ AC+1 Int-3 Dex+5}
   (You bought it in a shop on level 1 of the Snake Pit)

   [ring of protection]

   It affects your AC (+1).
   It affects your intelligence (-3).
   It affects your dexterity (+5).
   It protects you from poison.
   It protects you from negative energy.
 r - an amulet of regeneration (around neck)
   (You found it on level 11 of the Dungeon)
 Q - a +6 ring of protection (left hand)
   (You found it on level 1 of the Swamp)
Wands
 d - a wand of digging (11)
   (You found it on level 3 of the Crypt)
 q - a wand of acid (12)
   (You found it on level 11 of the Dungeon)
 v - a wand of iceblast (19)
   (You found it on level 6 of the Dungeon)
 y - a wand of paralysis (29)
   (You found it on level 11 of the Dungeon)
 F - a wand of enslavement (84)
   (You found it on level 10 of the Dungeon)
 G - a wand of polymorph (73)
   (You found it on level 9 of the Dungeon)
 L - a wand of scattershot (10)
   (You found it on level 6 of the Lair of Beasts)
Scrolls
 h - 13 scrolls of teleportation
 i - a scroll of enchant armour
 j - 8 scrolls of identify
 n - 34 scrolls of remove curse
 C - 11 scrolls of fog
 D - 11 scrolls of fear
 J - 6 scrolls of magic mapping
 O - 5 scrolls of blinking
 Y - 2 scrolls of summoning
Potions
 e - 4 potions of flight
 g - 5 potions of haste
 t - 4 potions of cancellation
 u - 7 potions of ambrosia
 z - a potion of agility
 A - 3 potions of resistance
 B - 10 potions of brilliance
 H - 10 potions of mutation
 I - 5 potions of magic
 K - 2 potions of heal wounds
 P - 3 potions of might
 W - 25 potions of curing
Books
 s - a manual of Long Blades
   (You found it on level 5 of the Pits of Slime)
 R - a manual of Maces & Flails
   (You found it on level 5 of the Pits of Slime)
Miscellaneous
 k - 6 phantom mirrors
 M - a phial of floods
   (You found it on level 11 of the Dungeon)
 N - a lamp of fire
   (You found it on level 3 of the Elven Halls)
 T - 9 boxes of beasts
 U - 4 sacks of spiders
Comestibles
 x - 50 rations


   Skills:
 + Level 20.7 Fighting
 + Level 20.0 Short Blades
 + Level 23.3 Long Blades
 + Level 20.0 Axes
 + Level 22.8 Maces & Flails
 + Level 20.0 Polearms
 + Level 20.0 Staves
 + Level 20.0 Slings
 + Level 20.0 Bows
 + Level 20.0 Crossbows
 + Level 20.0 Throwing
 + Level 20.4 Armour
 + Level 20.4 Dodging
 + Level 20.0 Stealth
 + Level 20.0 Shields
 + Level 20.0 Unarmed Combat
 + Level 20.0 Spellcasting
 + Level 17.3 Conjurations
 + Level 17.3 Hexes
 + Level 17.3 Charms
 + Level 17.3 Summonings
 + Level 17.3 Necromancy
 + Level 17.3 Translocations
 + Level 17.3 Transmutations
 + Level 17.3 Fire Magic
 + Level 17.3 Ice Magic
 + Level 17.3 Air Magic
 + Level 17.3 Earth Magic
 + Level 17.3 Poison Magic
 + Level 21.5 Invocations
 + Level 20.0 Evocations


You had 45 spell levels left.
You knew the following spells:

 Your Spells              Type           Power        Failure   Level  Hunger
a - Apportation           Tloc           ######       0%          1    None
b - Blink                 Tloc           N/A          0%          2    None
c - Recall                Summ/Tloc      N/A          0%          3    None
d - Aura of Abjuration    Summ           ######....   1%          5    #......
m - Deflect Missiles      Chrm/Air       ######....   1%          6    ####...
p - Portal Projectile     Hex/Tloc       ######       0%          3    None
s - Summon Butterflies    Summ           ######..     0%          1    None

Your spell library contained the following spells:

 Spells                   Type           Power        Failure   Level  Hunger
 Cause Fear               Hex            ######....   1%          4    None
 Magic Dart               Conj           ####         0%          1    None
 Fireball                 Conj/Fire      ######....   1%          5    #......
 Conjure Flame            Conj/Fire      ######..     0%          3    None
 Bolt of Fire             Conj/Fire      ######....   1%          6    ####...
 Bolt of Cold             Conj/Ice       ######....   1%          6    ####...
 Lightning Bolt           Conj/Air       ######....   1%          5    #......
 Bolt of Magma            Conj/Fire/Erth ######....   1%          5    #......
 Slow                     Hex            ######..     0%          2    None
 Confuse                  Hex            ######..     0%          3    None
 Throw Flame              Conj/Fire      ######       0%          2    None
 Throw Frost              Conj/Ice       ######       0%          2    None
 Controlled Blink         Tloc           N/A          24%         8    #######
 Freezing Cloud           Conj/Ice/Air   ######....   1%          6    ####...
 Mephitic Cloud           Conj/Pois/Air  ######..     0%          3    None
 Ring of Flames           Chrm/Fire      ######....   3%          7    ######.
 Venom Bolt               Conj/Pois      ######....   1%          5    #......
 Olgreb's Toxic Radiance  Pois           ######..     1%          4    None
 Bolt of Draining         Conj/Necr      ######....   1%          5    #......
 Animate Dead             Necr           N/A          1%          4    None
 Vampiric Draining        Necr           ######....   0%          3    None
 Freeze                   Ice            ####         0%          1    None
 Ozocubu's Refrigeration  Ice            ######....   1%          6    ####...
 Sticky Flame             Conj/Fire      ######..     1%          4    None
 Summon Ice Beast         Ice/Summ       ######..     1%          4    None
 Call Imp                 Summ           ######..     0%          2    None
 Dispel Undead            Necr           ######..     1%          5    #......
 Regeneration             Chrm/Necr      ######....   0%          3    None
 Summon Demon             Summ           ######....   1%          5    #......
 Corpse Rot               Necr           N/A          0%          2    None
 Iron Shot                Conj/Erth      ######....   1%          6    ####...
 Stone Arrow              Conj/Erth      ######       0%          3    None
 Shock                    Conj/Air       ####         0%          1    None
 Spider Form              Tmut/Pois      ######....   0%          3    None
 Blade Hands              Tmut           ######....   1%          5    #......
 Statue Form              Tmut/Erth      ######...    1%          6    ####...
 Ice Form                 Ice/Tmut       ######..     1%          4    None
 Dragon Form              Tmut           ######....   3%          7    ######.
 Death Channel            Necr           ######....   1%          6    ####...
 Shadow Creatures         Summ           N/A          1%          6    ####...
 Confusing Touch          Hex            ######       0%          1    None
 Flame Tongue             Conj/Fire      #####        0%          1    None
 Passwall                 Tmut/Erth      ######..     0%          2    None
 Sticks to Snakes         Tmut           ######..     0%          2    None
 Call Canine Familiar     Summ           ######..     0%          3    None
 Ensorcelled Hibernation  Hex/Ice        ######       0%          2    None
 Metabolic Englaciation   Hex/Ice        ######....   1%          5    #......
 Silence                  Hex/Air        ######....   1%          5    #......
 Shatter                  Erth           ######....   98%         9    #######
 Dispersal                Tloc           ######....   1%          6    ####...
 Static Discharge         Conj/Air       ######..     0%          3    None
 Corona                   Hex            ######.      0%          1    None
 Lee's Rapid Deconstruct  Erth           ######....   1%          5    #......
 Simulacrum               Ice/Necr       ######....   1%          6    ####...
 Excruciating Wounds      Chrm/Necr      ######....   1%          5    #......
 Petrify                  Tmut/Erth      ######..     1%          4    None
 Orb of Destruction       Conj           ######....   3%          7    ######.
 Tornado                  Air            ######....   98%         9    #######
 Leda's Liquefaction      Hex/Erth       ######....   1%          4    None
 Summon Hydra             Summ           ######....   3%          7    ######.
 Darkness                 Hex            ######....   1%          6    ####...
 Shroud of Golubria       Chrm/Tloc      ######....   0%          2    None
 Inner Flame              Hex/Fire       ######..     0%          3    None
 Beastly Appendage        Tmut           ######       0%          1    None
 Iskenderun's Battlesphe  Conj/Chrm      ######..     1%          5    #......
 Spectral Weapon          Hex/Chrm       ######..     0%          3    None
 Summon Forest            Summ/Tloc      ######....   1%          5    #......
 Dragon's Call            Summ           ######....   98%         9    #######
 Spellforged Servitor     Conj/Summ      ######....   3%          7    ######.
 Summon Mana Viper        Hex/Summ       ######..     1%          5    #......
 Hydra Form               Tmut           ######....   1%          6    ####...
 Irradiate                Conj/Tmut      ######....   1%          5    #......
 Gell's Gravitas          Tloc           ######....   0%          3    None
 Yara's Violent Unravell  Hex/Tmut       ######....   1%          5    #......
 Poisonous Vapours        Pois/Air       ######       0%          2    None
 Ignition                 Fire           ######....   24%         8    #######
 Borgnjor's Vile Clutch   Necr/Erth      ######....   1%          5    #......


Dungeon Overview and Level Annotations

Branches:
Dungeon (15/15)            Temple (1/1) D:5            Lair (6/6) D:9
  Swamp (4/4) Lair:4        Snake (4/4) Lair:4        Slime (5/5) Lair:6
    Orc (2/2) D:10            Elf (3/3) Orc:2        Vaults (5/5) D:14
  Crypt (3/3) Vaults:2       Tomb (0/3) Crypt:3      Depths (5/5) D:15
   Hell (1/1)                 Dis (0/7) Hell            Geh (0/7) Hell
    Coc (7/7) Hell            Tar (0/7) Hell            Zot (0/5) Depths:5

Altars:
Cheibriados
Dithmenos
Gozag
Hepliaklqana
Kikubaaqudgha
Makhleb
Okawaru
Qazlal
Ru
Sif Muna
Wu Jian
Xom
Yredelemnul
Zin
The Shining One
Beogh
Jiyva

Shops:
D:8 *[   D:12 (   Orc:2 [:(*[   Elf:2 %   Snake:1 =}=   Snake:3 :   Vaults:3 !*
Depths:1 *

Portals:
Hell: Lair:6 Depths:1 Depths:2 Depths:3 Depths:4 Depths:5
Abyss: Depths:1 Depths:4
Pandemonium: Depths:3 Depths:5
Ziggurat: Depths:1

Annotations:
Elf:2 3 runed doors
Coc:7 Antaeus


Innate Abilities, Weirdness & Mutations

Your experience applies equally to all skills.
You have very sharp teeth.
Your uncanny sense of smell can sniff out nearby items.
You have a pair of small horns on your head.
You are partially covered in yellow scales. (AC +2)
You can translocate small distances at will.
Your muscles are strong. (Str +2)


Message History

Your angel completely resists.
You feel somewhat more hungry.
Your angel hits Antaeus but does no damage. x2
Your angel hits Antaeus with a whip of holy wrath!
Antaeus convulses!!
Your angel hits Antaeus with a whip of holy wrath.
Antaeus convulses.
Your angel hits Antaeus but does no damage. x2
Antaeus hits your angel!!! Antaeus freezes your angel!!
Antaeus hits your angel!
Your angel dies!
Your angel hits Antaeus but does no damage. x2
Unknown command.
Unknown command.
Your angel hits Antaeus but does no damage. x2
Antaeus hits your angel!! Antaeus freezes your angel!! Antaeus hits your angel.
Antaeus freezes your angel!!!
Your angel dies!
Antaeus roars, "I shall devour thy brain!"
You see here a lightning rod (4/4).
Unknown command.
You are momentarily dazzled by a brilliant light.
You feel somewhat more hungry. Antaeus gestures at you.
The flash freeze hits you! You partially resist.
* * * LOW HITPOINT WARNING * * *
You are encased in ice.
Unknown command.
Unknown command.
Your angel hits Antaeus but does no damage.
Your angel hits Antaeus with a whip of holy wrath.
Antaeus convulses.
Antaeus hits your angel!!! Antaeus freezes your angel!!!
Antaeus hits your angel but does no damage.
Unknown command.
Firing (i - inventory. (/) - cycle)
l - 913 arrows (quivered)
Press: ? - help, Shift-Dir - straight line, f/p - Antaeus
Aim: Antaeus (severely wounded, haloed)
You magically shoot an arrow.
The arrow hits Antaeus!
Antaeus convulses.
Antaeus is severely wounded.
The ice encasing you melts away.
Your angel hits Antaeus but does no damage. x2
Antaeus gestures at your angel. The flash freeze hits your angel.
Your angel dies!
Firing (i - inventory. (/) - cycle)
l - 912 arrows (quivered)
Press: ? - help, Shift-Dir - straight line, f/p - Antaeus
Aim: Antaeus (severely wounded, hasn't noticed you, haloed)
You magically shoot an arrow.
Antaeus screeches, "Despair, thou weedy toad-spotted simpleton!"
The arrow hits Antaeus but does no damage.
Antaeus is severely wounded.
Unknown command.
Firing (i - inventory. (/) - cycle)
l - 911 arrows (quivered)
Press: ? - help, Shift-Dir - straight line, f/p - Antaeus
Aim: Antaeus (severely wounded, haloed)
You magically shoot an arrow.
The arrow hits Antaeus.
Antaeus convulses.
Antaeus is severely wounded.
Unknown command.
Firing (i - inventory. (/) - cycle)
l - 910 arrows (quivered)
Press: ? - help, Shift-Dir - straight line, f/p - Antaeus
Aim: Antaeus (severely wounded, haloed)
You magically shoot an arrow.
The arrow completely misses Antaeus.
Antaeus gestures at you.
The bolt of lightning misses you. x2; The bolt of lightning hits Antaeus.
Antaeus completely resists.
Unknown command.
Firing (i - inventory. (/) - cycle)
l - 909 arrows (quivered)
Press: ? - help, Shift-Dir - straight line, f/p - Antaeus
Aim: Antaeus (severely wounded, hasn't noticed you, haloed)
You magically shoot an arrow.
Antaeus shouts, "Abandon hope, thou tasty breakfast!"
The arrow hits Antaeus but does no damage.
Antaeus is severely wounded.
Antaeus gestures at you. The flash freeze hits you! You partially resist.
* * * LOW HITPOINT WARNING * * *
You are encased in ice.
Unknown command.
You feel much better. Antaeus gestures at you.
The bolt of lightning misses you. x2; The bolt of lightning hits Antaeus.
Antaeus completely resists.
Unknown command.
Unknown command.
The golden flame engulfs you!
The golden flame engulfs Antaeus.
Antaeus writhes in agony!
Antaeus is severely wounded.
You are feeling very hungry.
Unknown command.
Unknown command.
Unknown command.
You don't have enough magic at the moment.
Unknown command.
Unknown command.
Unknown command.
Unknown command.
Magic courses through your body. Antaeus hits you!!!
* * * LOW HITPOINT WARNING * * *
Antaeus freezes you! You resist.
You die...

*≈≈≈≈≈,,,,≈≈≈≈≈....≈≈≈≈≈≈≈≈
*≈≈≈,,,≈≈≈≈≈≈≈≈≈≈≈...,≈≈≈≈≈
*≈≈≈,≈≈≈≈,,,,,.≈≈≈≈≈≈,,≈≈≈≈
*≈≈,,≈≈,,,,**,.....≈≈≈,,≈≈≈
*≈...≈≈,,*****#...,,≈≈≈,≈≈≈
*≈(.≈≈..*######(#,,,,≈≈,≈≈≈
*≈§.≈≈..*#...}(.#*,,,≈≈,,≈≈
*≈..≈≈..*#...(..#*,,,≈≈,,≈≈
*≈..≈≈..##@C(}..#*,,≈≈≈,,≈≈
*≈..≈≈≈..#'######.,,≈≈,,≈≈≈
#≈≈..≈≈....####...,≈≈≈,≈≈≈≈
#≈≈..≈≈≈..........≈≈≈,,≈≈≈≈
#≈≈≈..≈≈≈≈......≈≈≈≈,,≈≈≈≈≈
#≈≈≈≈..≈≈≈≈≈≈≈≈≈≈≈≈,,≈≈≈≈≈≈
#≈≈≈≈≈...≈≈≈≈≈≈≈..,,≈≈≈≈≈≈≈
#≈≈≈≈≈≈≈≈.........≈≈≈≈≈≈≈≈≈
#≈≈≈≈≈≈≈≈≈≈≈.....≈≈≈≈≈≈≈≈≈≈


You could see Antaeus.

Vanquished Creatures
  Cerebov (Pan)
  the Royal Jelly (Slime:5)
  the Serpent of Hell (Coc:7)
  Lom Lobon (Pan)
  Mnoleg (Pan)
  6 pandemonium lords (Pan)
  A juggernaut (Depths:4)
  4 ancient liches
  The ghost of Zoenear the Executioner, a legendary FoFi of Zin (Vaults:2)
  Sojobo (Depths:2)
  Frederick (Depths:4)
  Margery (Depths:4)
  3 shard shrikes
  Saint Roka (Snake:3)
  A caustic shrike (Depths:2)
  Geryon (Hell)
  Nikola (Elf:3)
  5 golden dragons
  A profane servitor (Pan)
  A bone dragon (Coc:7)
  A Tzitzimitl (Pan)
  2 Brimstone Fiends (Pan)
  17 Ice Fiends
  Jorgrun (Vaults:4)
  4 tentacled monstrosities
  4 Hell Sentinels (Pan)
  The ghost of Nimomuku the Tortoise, an adept GrFi of Makhleb (Crypt:2)
  7 titans
  9 liches
  3 deep elf master archers
  A quicksilver dragon (Vaults:5)
  3 deep elf blademasters
  Gastronok (Orc:1)
  18 Executioners
  3 thorn hunters
  An ancient champion (Crypt:3)
  Murray (Hell)
  11 tengu reavers
  Frances (Elf:1)
  4 sphinxes
  16 acid blobs
  A tentacled starspawn (Abyss:3)
  7 storm dragons
  6 shadow dragons
  11 nagarajas
  Roxanne (Elf:3)
  3 revenants (Crypt:3)
  7 fire giants
  3 daevas (Depths:3)
  2 azure jellies (Slime:4)
  9 deep elf sorcerers
  A draconian knight (Depths:5)
  6 frost giants
  2 orc warlords
  20 vault wardens
  23 balrugs
  4 warmongers (Pan)
  Aizul (Snake:3)
  A draconian shifter (Depths:5)
  A caustic shrike zombie (Crypt:1)
  10 black suns (Pan)
  An iron dragon (Depths:1)
  3 curse skulls
  3 angels (Depths:3)
  Louise (Depths:4)
  7 deep elf elementalists
  7 draconian annihilators
  A ghoul (Crypt:2)
  3 elemental wellsprings (Coc:7)
  11 cacodemons (Pan)
  4 corrupters (Pan)
  3 war gargoyles
  32 stone giants
  19 ironheart preservers
  10 reapers
  7 vampire knights
  2 entropy weavers
  4 blood saints (Pan)
  10 deep elf demonologists
  34 very ugly things
  11 deep elf annihilators
  2 green draconians (Depths:5)
  A yellow draconian (Depths:5)
  The ghost of Wegesch the Nimble, a journeyman SpBe of Trog (Depths:3)
  The ghost of Wegesch the Nimble, a journeyman SpBe of Trog (Depths:3)
  The ghost of Wegesch the Nimble, a journeyman SpBe of Trog (Depths:3)
  The ghost of Etea the Nimble, a journeyman SpBe of Trog (Depths:3)
  7 lorocyprocas
  12 spark wasps
  A purple draconian (Depths:5)
  A merfolk javelineer (Vaults:2)
  An eidolon (Crypt:3)
  11 fire dragons
  12 deep elf death magi
  A merfolk impaler (Vaults:2)
  21 blizzard demons
  9 jiangshi
  13 green deaths
  12 ettins
  8 great orbs of eyes
  38 vault guards
  Josephine (D:11)
  7 deep elf high priests
  19 yaktaur captains
  21 hydras
  24 ice dragons
  5 monstrous demonspawn (Pan)
  5 rakshasas
  16 naga warriors
  6 spriggan air magi
  A caustic shrike simulacrum (Depths:2)
  3 ghost crabs
  2 hell beasts
  6 centaur warriors
  A death knight (Vaults:3)
  16 anacondas
  45 two-headed ogres
  A satyr (shapeshifter) (Depths:1)
  14 dancing weapons
  A spectral frost giant (Crypt:3)
  2 death yaks (Lair:6)
  12 ogre magi
  9 tengu warriors
  9 alligators
  7 deep troll earth magi
  11 vampire magi
  2 thrashing horrors
  A deep troll shaman (Depths:4)
  7 hell hogs (Hell)
  9 shock serpents
  2 shock serpents (shapeshifter)
  2 titan zombies
  2 orc high priests (Orc:2)
  3 spriggan berserkers
  2 iron golems (Hell)
  12 naga sharpshooters
  45 sun demons
  A storm dragon zombie (Coc:5)
  27 deep elf knights
  4 iron trolls
  3 wretched stars (Abyss:3)
  A sea snake (Snake:1)
  25 soul eaters
  19 sixfirhies
  36 skeletal warriors
  A ghost moth zombie (Coc:7)
  2 anaconda zombies
  A fire crab (Lair:6)
  20 shadow wraiths
  17 hell knights
  A quicksilver dragon simulacrum (Crypt:1)
  7 cherubim
  8 shadow demons (Pan)
  8 flayed ghosts
  A spriggan druid (Swamp:3)
  10 wizards
  5 unseen horrors
  28 deep trolls
  9 salamander mystics
  6 swamp dragons
  A storm dragon skeleton (Crypt:3)
  4 gelid demonspawn (Pan)
  An orange crystal statue (Elf:1)
  A spectral hydra (Crypt:3)
  6 shambling mangroves
  20 deep elf archers
  5 torturous demonspawn (Pan)
  11 starcursed masses
  6 naga ritualists
  6 glowing orange brains
  25 ironbrand convokers
  5 lindwurms
  21 phantasmal warriors
  7 infernal demonspawn (Pan)
  2 golden dragon skeletons
  2 shadow dragon zombies
  A harpy (shapeshifter) (Vaults:3)
  5 anaconda skeletons
  2 iron dragon zombies
  An orb spider (Abyss:3)
  6 wolf spiders
  9 necromancers
  An orb spider (shapeshifter) (Depths:4)
  A wolf spider zombie (D:12)
  2 frost giant zombies
  A sphinx zombie (Hell)
  An oklob plant (Lair:6)
  19 orc knights
  19 mana vipers
  4 manticores
  5 shining eyes
  3 shadow dragon skeletons
  A stone giant zombie (Hell)
  58 deep elf magi
  26 salamanders
  2 worldbinders
  2 fire giant zombies
  2 iron dragon skeletons
  67 ugly things
  23 cyclopes
  6 orc sorcerers
  12 rust devils
  9 elephants
  An ice statue (Vaults:3)
  32 black mambas
  3 fire giant skeletons
  A dire elephant zombie (Coc:7)
  A water nymph (shapeshifter) (Elf:1)
  32 naga magi
  8 guardian serpents
  A dire elephant skeleton (Coc:7)
  A torpor snail (Lair:6)
  9 vault sentinels
  32 smoke demons
  A gargoyle (D:10)
  10 spiny frogs
  17 orange demons
  A kobold demonologist (D:14)
  2 shock serpent skeletons
  2 spriggan zombies (Hell)
  2 rime drakes (shapeshifter)
  5 hellions
  5 komodo dragons
  2 yaktaur zombies (Hell)
  A komodo dragon (shapeshifter) (D:13)
  70 yaktaurs
  6 rime drakes
  9 efreet
  5 small abominations
  A minotaur skeleton (Crypt:1)
  A pale draconian zombie (Crypt:1)
  25 ice devils
  8 tormentors
  17 freezing wraiths
  16 hellwings
  4 guardian mummies
  A black draconian skeleton (Crypt:1)
  A red draconian skeleton (Crypt:3)
  6 demonic crawlers (Pan)
  2 tengu conjurers
  An anaconda simulacrum (Coc:3)
  A jumping spider (Vaults:1)
  A purple draconian skeleton (Crypt:1)
  A white draconian skeleton (Crypt:2)
  5 hydra zombies
  3 meliai (Abyss:3)
  A wind drake (shapeshifter) (Depths:5)
  30 red devils
  19 trolls
  5 tyrant leeches
  8 polar bears
  12 wind drakes (Pan)
  A merfolk (D:9)
  20 hornets
  7 raiju
  A queen bee (Abyss:3)
  A troll (shapeshifter) (D:13)
  3 fire dragon zombies
  4 hydra skeletons
  A wolf spider simulacrum (Coc:5)
  Prince Ribbit (Lair:3)
  10 dream sheep
  2 raiju (shapeshifter)
  A slime creature (shapeshifter) (Vaults:5)
  105 slime creatures
  12 bog bodies
  14 hippogriffs
  4 alligator zombies
  26 blink frogs
  2 ice dragon zombies (Hell)
  A meliai zombie (D:12)
  2 deep troll zombies (Hell)
  40 flying skulls
  9 spriggans
  Sigmund (D:3)
  11 shadows
  A redback (Vaults:1)
  An ice dragon skeleton (Coc:5)
  A fire dragon skeleton (Pan)
  21 ynoxinuls
  24 water elementals
  An alligator skeleton (Coc:5)
  A tarantella (shapeshifter) (Depths:4)
  An ettin skeleton (Pan)
  18 wraiths
  4 basilisks
  3 vampires (Crypt:2)
  17 yaks
  4 wyverns
  8 golden eyes
  2 yaks (shapeshifter)
  Grum (D:9)
  6 chaos spawn (Pan)
  A golden eye (shapeshifter) (Depths:4)
  A human (D:14)
  4 fire bats (Abyss:1)
  25 neqoxecs (Pan)
  A steam dragon (D:10)
  11 fire elementals
  A merfolk zombie (Crypt:2)
  7 hungry ghosts
  24 vampire mosquitoes
  Menkaure (D:7)
  15 swamp worms
  23 insubstantial wisps
  46 nagas
  A torturous demonspawn zombie (Crypt:2)
  An acid dragon (D:12)
  5 spiny frog zombies
  6 wargs
  A soldier ant (shapeshifter) (Vaults:1)
  A hydra simulacrum (Coc:4)
  A water moccasin (shapeshifter) (Depths:5)
  Duvessa (D:4)
  A faun skeleton (Crypt:1)
  A floating eye (Slime:5)
  5 hell hounds (Lair:6)
  6 porcupines
  A porcupine (shapeshifter) (Depths:2)
  A spiny frog skeleton (Pan)
  12 water moccasins
  15 swamp drakes
  44 large abominations
  51 orc warriors
  6 sky beasts
  52 ogres
  An eye of draining (Slime:1)
  10 ice beasts
  A phantom (D:5)
  An alligator simulacrum (Coc:7)
  6 black bears
  17 boggarts
  A necrophage (Crypt:2)
  A snapping turtle skeleton (Hell)
  22 centaurs
  19 wolves
  A swamp dragon skeleton (Crypt:2)
  14 crocodiles
  17 bullfrogs
  7 earth elementals
  2 spiny frog simulacra
  Dowan (D:4)
  A draconian skeleton (Crypt:3)
  A raiju zombie (Crypt:1)
  7 scorpions
  11 killer bees
  14 wights
  A spriggan skeleton (Coc:5)
  A raiju skeleton (Crypt:1)
  3 electric eels
  3 lava snakes (D:12)
  2 howler monkeys (D:10)
  2 centaur zombies
  8 crimson imps
  5 hounds
  3 quasits
  A basilisk zombie (Crypt:2)
  5 bullfrog zombies
  4 human zombies
  33 orc priests
  Crazy Yiuf (D:4)
  A bullfrog skeleton (D:12)
  4 iron imps
  3 jellies
  A human skeleton (Crypt:1)
  12 iguanas
  27 orc wizards
  2 demonspawn skeletons
  2 hell rats (Lair:4)
  12 worker ants
  A deep dwarf skeleton (Crypt:3)
  A tengu skeleton (Coc:7)
  A hound skeleton (D:6)
  4 mummies
  A worker ant zombie (D:11)
  16 gnolls
  A scorpion zombie (Crypt:1)
  14 adders
  A howler monkey skeleton (D:11)
  7 river rats (Lair:4)
  8 shadow imps
  5 white imps
  2 oozes
  3 adder skeletons
  A worm (D:2)
  5 ball lightnings (Pan)
  3 dart slugs
  8 leopard geckos
  123 orcs
  10 bats
  4 giant cockroaches
  11 goblins
  16 hobgoblins
  8 jackals
  11 kobolds
  5 quokkas
  A ball python zombie (Crypt:1)
  3 frilled lizards
  A giant cockroach zombie (Crypt:2)
  A leopard gecko zombie (Crypt:1)
  2 quokka skeletons
  9 rats
  A spectral orc (Crypt:3)
  14 crawling corpses
  3 fungi
  5 plants
3365 creatures vanquished.

Vanquished Creatures (collateral kills)
  Gloorx Vloq (Pan)
  Mennas (Depths:3)
  Mara (Vaults:5)
  A shard shrike (Coc:3)
  2 Ice Fiends (Coc:7)
  A tentacled monstrosity (Pan)
  Asterion (Vaults:3)
  4 Executioners (Pan)
  An acid blob (Slime:5)
  2 pandemonium lords (Pan)
  An ancient champion (Crypt:3)
  Donald (Swamp:2)
  2 revenants (Crypt:3)
  A frost giant (Vaults:3)
  2 balrugs
  A warmonger (Pan)
  2 cacodemons (Pan)
  A curse skull (Crypt:3)
  2 reapers (Hell)
  An elemental wellspring (Coc:7)
  A war gargoyle (Hell)
  2 stone giants (Pan)
  3 lorocyprocas (Pan)
  A blizzard demon (Pan)
  A starcursed mass (Abyss:3)
  A quicksilver dragon skeleton (Coc:7)
  An ice dragon (Coc:7)
  An anaconda (Snake:4)
  6 sun demons
  3 soul eaters
  A titan skeleton (Pan)
  A wretched star (Abyss:3)
  5 shadow wraiths
  3 sixfirhies
  3 skeletal warriors (Coc:7)
  A ghost moth zombie (Coc:7)
  A torturous demonspawn (Pan)
  3 anaconda zombies (Hell)
  A gelid demonspawn (Pan)
  A flayed ghost (Crypt:3)
  A necromancer (Hell)
  3 phantasmal warriors (Crypt:3)
  A frost giant zombie (Coc:7)
  A wolf spider (Vaults:3)
  A manticore (shapeshifter) (Depths:4)
  A cyclops (Pan)
  A naga mage (D:15)
  4 smoke demons
  An orange demon (Pan)
  A demonic crawler (Pan)
  4 freezing wraiths
  2 red devils (Pan)
  A meliai (Abyss:3)
  2 hydra zombies
  2 polar bears (Pan)
  An alligator zombie (Coc:7)
  A hydra skeleton (Coc:7)
  A wraith (Crypt:3)
  3 shadows (Crypt:3)
  5 flying skulls
  An ettin skeleton (Crypt:3)
  A water elemental (Hell)
  An ice dragon skeleton (Pan)
  A tarantella (shapeshifter) (Abyss:3)
  A fire elemental (Hell)
  A chaos spawn (Pan)
  A black mamba skeleton (Coc:7)
  2 hungry ghosts (Crypt:3)
  A neqoxec (Pan)
  A spiny frog zombie (Coc:7)
  A spiny frog skeleton (Hell)
  A large abomination (Pan)
  A snapping turtle zombie (Crypt:3)
  An ogre (Pan)
  2 killer bees (Abyss:3)
  2 wights (Coc:7)
  A naga skeleton (Hell)
  2 white imps
  3 orcs (D:10)
131 creatures vanquished.

Vanquished Creatures (others)
  3 eldritch tentacles
  A fire giant (Depths:1)
  An elemental wellspring (Coc:7)
  2 stone giants
  A spark wasp (Depths:5)
  An ogre mage (Depths:2)
  A deep elf knight (Elf:2)
  A shock serpent (Snake:4)
  2 sun demons (Pan)
  A deep elf mage (Elf:3)
  A cyclops (Crypt:3)
  A hellwing (Pan)
  A wind drake (Pan)
  A meliai (Abyss:3)
  A shock serpent simulacrum (Hell)
  2 water moccasins (Lair:6)
  A swamp drake (Swamp:3)
  A sky beast (D:6)
  An ogre (Pan)
  A small abomination (Abyss:3)
  An earth elemental (Elf:2)
  An adder (D:10)
  A white imp (Coc:5)
  9 ball lightnings (Pan)
  2 orcs (Orc:1)
  5 briar patches (Swamp:3)
  2 demonic plants (Abyss:3)
  11 fungi
  A lurking horror (Abyss:3)
  20 plants
  2 starspawn tentacles (Abyss:3)
  4 toadstools (Swamp:2)
  2 withered plants (Depths:3)
86 creatures vanquished.

Grand Total: 3582 creatures vanquished

Notes
Turn   | Place    | Note
-------+----------+-------------------------------------------
     0 | D:1      | magipi the Gnoll Berserker began the quest for the Orb.
     0 | D:1      | Reached XP level 1. HP: 23/23 MP: 1/1
   203 | D:1      | Reached XP level 2. HP: 28/29 MP: 2/2
   601 | D:2      | Reached XP level 3. HP: 35/35 MP: 3/3
   636 | D:2      | Reached ** piety under Trog
   766 | D:2      | Reached skill level 1 in Invocations
  1146 | D:3      | Reached skill level 1 in Short Blades
  1146 | D:3      | Reached skill level 1 in Axes
  1146 | D:3      | Reached skill level 1 in Maces & Flails
  1146 | D:3      | Reached skill level 1 in Polearms
  1146 | D:3      | Reached skill level 1 in Staves
  1146 | D:3      | Reached skill level 1 in Slings
  1146 | D:3      | Reached skill level 1 in Bows
  1146 | D:3      | Reached skill level 1 in Crossbows
  1146 | D:3      | Reached skill level 1 in Throwing
  1146 | D:3      | Reached skill level 1 in Stealth
  1146 | D:3      | Reached skill level 1 in Shields
  1146 | D:3      | Reached skill level 1 in Unarmed Combat
  1146 | D:3      | Reached skill level 1 in Spellcasting
  1146 | D:3      | Reached skill level 1 in Evocations
  1146 | D:3      | Reached XP level 4. HP: 41/41 MP: 5/5
  1172 | D:3      | Noticed a two-headed ogre
  1173 | D:3      | Found a hazy altar of Hepliaklqana.
  1173 | D:3      | Found a transporter.
  1179 | D:3      | Found a transporter.
  1524 | D:3      | Reached skill level 1 in Conjurations
  1524 | D:3      | Reached skill level 1 in Hexes
  1524 | D:3      | Reached skill level 1 in Charms
  1524 | D:3      | Reached skill level 1 in Summonings
  1524 | D:3      | Reached skill level 1 in Necromancy
  1524 | D:3      | Reached skill level 1 in Translocations
  1524 | D:3      | Reached skill level 1 in Transmutations
  1524 | D:3      | Reached skill level 1 in Fire Magic
  1524 | D:3      | Reached skill level 1 in Ice Magic
  1524 | D:3      | Reached skill level 1 in Air Magic
  1524 | D:3      | Reached skill level 1 in Earth Magic
  1524 | D:3      | Reached skill level 1 in Poison Magic
  1530 | D:3      | Reached XP level 5. HP: 47/47 MP: 6/6
  1671 | D:3      | Noticed Sigmund
  1681 | D:3      | Killed Sigmund
  1681 | D:3      | Reached XP level 6. HP: 51/53 MP: 8/8
  1925 | D:4      | Reached *** piety under Trog
  1925 | D:4      | Reached skill level 5 in Armour
  1925 | D:4      | Reached skill level 5 in Dodging
  1987 | D:4      | Noticed Dowan
  2000 | D:4      | Noticed Duvessa
  2033 | D:4      | Killed Duvessa
  2033 | D:4      | Reached XP level 7. HP: 20/59 MP: 10/10
  2036 | D:4      | Killed Dowan
  2040 | D:4      | Reached skill level 7 in Long Blades
  2628 | D:4      | Found a runed door.
  2632 | D:4      | Noticed Crazy Yiuf
  2636 | D:4      | Killed Crazy Yiuf
  3055 | D:5      | Entered Level 5 of the Dungeon
  3081 | D:5      | Reached XP level 8. HP: 62/67 MP: 12/12
  3436 | D:5      | Found a staircase to the Ecumenical Temple.
  3548 | D:5      | Got a pitted ring mail
  3559 | D:5      | Identified the +5 ring mail of Zus Bogh {*Slow rPois MP+9 Int+2} (You found it on level 5 of the Dungeon)
  3920 | D:6      | Reached **** piety under Trog
  4044 | D:6      | Found a sacrificial altar of Ru.
  4252 | D:6      | Reached XP level 9. HP: 70/72 MP: 14/14
  4601 | D:7      | Noticed Menkaure
  4612 | D:7      | Killed Menkaure
  4893 | D:7      | Found an opulent altar of Gozag.
  4946 | D:7      | Found a shadowy altar of Dithmenos.
  5030 | D:7      | Received a gift from Trog
  5030 | D:7      | Reached skill level 8 in Long Blades
  5123 | D:7      | Reached skill level 5 in Invocations
  5245 | D:8      | Found Mosiara's General Store.
  5264 | D:8      | Bought a scroll of noise for 15 gold pieces
  5472 | D:8      | Reached XP level 10. HP: 53/80 MP: 17/17
  5704 | D:8      | Reached ***** piety under Trog
  5786 | D:8      | Found Nimei's Antique Armour Shop.
  6020 | D:9      | Reached skill level 5 in Short Blades
  6020 | D:9      | Reached skill level 5 in Axes
  6020 | D:9      | Reached skill level 5 in Maces & Flails
  6020 | D:9      | Reached skill level 5 in Polearms
  6020 | D:9      | Reached skill level 5 in Staves
  6020 | D:9      | Reached skill level 5 in Slings
  6020 | D:9      | Reached skill level 5 in Bows
  6020 | D:9      | Reached skill level 5 in Crossbows
  6020 | D:9      | Reached skill level 5 in Throwing
  6020 | D:9      | Reached skill level 5 in Stealth
  6020 | D:9      | Reached skill level 5 in Shields
  6020 | D:9      | Reached skill level 5 in Unarmed Combat
  6020 | D:9      | Reached skill level 5 in Spellcasting
  6020 | D:9      | Reached skill level 5 in Evocations
  6268 | D:9      | Found a deep blue altar of Sif Muna.
  6296 | D:9      | Noticed Grum
  6296 | D:9      | Noticed a two-headed ogre
  6322 | D:9      | Killed a two-headed ogre
  6331 | D:9      | Killed Grum
  6436 | D:9      | Found a staircase to the Lair.
  6487 | D:9      | Got a brightly glowing bone ring
  6488 | D:9      | Identified the ring "Zymesk" {rF- rN+ MR- MP+9 Int+9} (You found it on level 9 of the Dungeon)
  6543 | D:9      | Found an iron altar of Okawaru.
  6715 | D:9      | Found a burning altar of Makhleb.
  6746 | D:9      | Found a glowing silver altar of Zin.
  7160 | D:10     | Entered Level 10 of the Dungeon
  7165 | D:10     | Reached XP level 11. HP: 87/87 MP: 19/19
  7217 | D:10     | Found a staircase to the Orcish Mines.
  7806 | D:10     | Reached skill level 9 in Long Blades
  7935 | D:10     | Reached skill level 5 in Conjurations
  7935 | D:10     | Reached skill level 5 in Hexes
  7935 | D:10     | Reached skill level 5 in Charms
  7935 | D:10     | Reached skill level 5 in Summonings
  7935 | D:10     | Reached skill level 5 in Necromancy
  7935 | D:10     | Reached skill level 5 in Translocations
  7935 | D:10     | Reached skill level 5 in Transmutations
  7935 | D:10     | Reached skill level 5 in Fire Magic
  7935 | D:10     | Reached skill level 5 in Ice Magic
  7935 | D:10     | Reached skill level 5 in Air Magic
  7935 | D:10     | Reached skill level 5 in Earth Magic
  7935 | D:10     | Reached skill level 5 in Poison Magic
  8206 | D:11     | Received a gift from Trog
  8208 | D:11     | Noticed a cyan ugly thing
  8221 | D:11     | Killed a cyan ugly thing
  8337 | D:11     | Received a gift from Trog
  8348 | D:11     | Got a transparent longbow {god gift}
  8350 | D:11     | Identified the +3 longbow "Hiamijiwn" {venom, Int+3} (Trog gifted it to you on level 11 of the Dungeon)
  8635 | D:11     | Noticed Josephine
  8646 | D:11     | Killed Josephine
  8712 | D:11     | Noticed a two-headed ogre
  8717 | D:11     | Killed a two-headed ogre
  9702 | Lair:1   | Entered Level 1 of the Lair of Beasts
  9833 | Lair:1   | Reached XP level 12. HP: 93/96 MP: 22/22
  9944 | Lair:1   | Noticed a six-headed hydra
  9951 | Lair:1   | Killed a six-headed hydra
 11379 | Lair:3   | Received a gift from Trog
 11405 | Lair:3   | Reached skill level 10 in Fighting
 11405 | Lair:3   | Reached skill level 10 in Long Blades
 11511 | Lair:3   | Noticed Prince Ribbit
 11553 | Lair:3   | Killed Prince Ribbit
 11615 | Lair:3   | Noticed a six-headed hydra
 11624 | Lair:3   | Killed a six-headed hydra
 11762 | Lair:3   | Reached XP level 13. HP: 103/103 MP: 24/24
 12269 | Lair:4   | Reached ****** piety under Trog
 12276 | Lair:4   | Found a staircase to the Swamp.
 12346 | Lair:4   | Found a staircase to the Snake Pit.
 12906 | Lair:4   | Received a gift from Trog
 13611 | Lair:5   | Upgraded the game from 0.22-a0-570-g58866f5 to 0.22-a0-571-g4a923d4
 13684 | Lair:6   | Entered Level 6 of the Lair of Beasts
 14334 | Lair:6   | Received a gift from Trog
 14444 | Lair:6   | Reached XP level 14. HP: 111/111 MP: 26/26
 14733 | Lair:6   | Received a gift from Trog
 14838 | Lair:6   | Reached skill level 10 in Armour
 14838 | Lair:6   | Reached skill level 10 in Dodging
 14965 | Lair:6   | Found a staircase to the Slime Pits.
 14965 | Lair:6   | Found a viscous altar of Jiyva.
 15057 | Lair:6   | Reached skill level 11 in Long Blades
 15304 | Lair:6   | Found a burning altar of Makhleb.
 15498 | Lair:6   | Found a gateway to Hell.
 15749 | Orc:1    | Entered Level 1 of the Orcish Mines
 15931 | Orc:1    | Paralysed by an orc sorcerer for 7 turns
 15931 | Orc:1    | Noticed Gastronok
 15979 | Orc:1    | Killed Gastronok
 15979 | Orc:1    | Reached skill level 10 in Invocations
 16216 | Orc:2    | Entered Level 2 of the Orcish Mines
 16396 | Orc:2    | Received a gift from Trog
 16457 | Orc:2    | Found Rilysicu's Antique Armour Shop.
 16460 | Orc:2    | Bought a transparent ring mail for 243 gold pieces
 16562 | Orc:2    | Noticed an orc warlord
 16779 | Orc:2    | Received a gift from Trog
 16876 | Orc:2    | Found a staircase to the Elven Halls.
 17179 | Orc:2    | Killed an orc warlord
 17232 | Orc:2    | Found a roughly hewn altar of Beogh.
 17238 | Orc:2    | Found Woxotsyi's Book Boutique.
 17342 | Orc:2    | Found Vintatuf's Antique Weapon Boutique.
 17359 | Orc:2    | Found Okychy's Antique Armour Boutique.
 17397 | Orc:2    | Found Rujaf's General Store.
 17405 | Orc:2    | Bought a scroll of blinking for 112 gold pieces
 17423 | Orc:2    | Bought a translucent great mace for 299 gold pieces
 17661 | D:8      | Bought a wand of digging (6) for 300 gold pieces
 17661 | D:8      | Bought 2 potions of curing for 90 gold pieces
 17661 | D:8      | Bought 2 potions of invisibility for 240 gold pieces
 17823 | Orc:1    | Reached XP level 15. HP: 119/119 MP: 28/28
 17831 | Orc:1    | Paralysed by an orc sorcerer for 6 turns
 18525 | D:12     | Received a gift from Trog
 18703 | D:12     | Found Zapuud's Weapon Boutique.
 19017 | D:13     | Identified the +11 great mace of Ebesy {flame, Int+2} (You bought it in a shop on level 2 of the Orcish Mines)
 19826 | D:14     | Found a flagged portal.
 19834 | Bailey   | Entered a bailey
 20133 | Bailey   | Identified a scroll of acquirement
 20136 | Bailey   | Identified the cursed +1 ring mail "Ongosit" {rElec MR++ Dex+3} (You bought it in a shop on level 2 of the Orcish Mines)
 20145 | Bailey   | Got a faintly humming hat
 20161 | Bailey   | Identified the +0 hat of the Alphagorgon {*Contam rF+ Str+3} (You acquired it in a bailey)
 20771 | D:14     | Reached skill level 10 in Short Blades
 20771 | D:14     | Reached skill level 10 in Axes
 20771 | D:14     | Reached skill level 10 in Maces & Flails
 20771 | D:14     | Reached skill level 10 in Polearms
 20771 | D:14     | Reached skill level 10 in Staves
 20771 | D:14     | Reached skill level 10 in Slings
 20771 | D:14     | Reached skill level 10 in Bows
 20771 | D:14     | Reached skill level 10 in Crossbows
 20771 | D:14     | Reached skill level 10 in Throwing
 20771 | D:14     | Reached skill level 10 in Stealth
 20771 | D:14     | Reached skill level 10 in Shields
 20771 | D:14     | Reached skill level 10 in Unarmed Combat
 20771 | D:14     | Reached skill level 10 in Spellcasting
 20771 | D:14     | Reached skill level 10 in Evocations
 20839 | D:14     | Received a gift from Trog
 20951 | D:14     | Found a gate to the Vaults.
 21090 | D:15     | Entered Level 15 of the Dungeon
 21672 | D:15     | Received a gift from Trog
 21895 | D:15     | Found a staircase to the Depths.
 21927 | D:15     | Reached skill level 12 in Long Blades
 22090 | D:15     | Received a gift from Trog
 22102 | D:15     | Reached XP level 16. HP: 99/127 MP: 30/30
 22668 | Swamp:1  | Entered Level 1 of the Swamp
 22877 | Swamp:1  | Received a gift from Trog
 23241 | Swamp:1  | Received a gift from Trog
 23750 | Swamp:2  | Noticed a thorn hunter
 23761 | Swamp:2  | Killed a thorn hunter
 23796 | Swamp:2  | Noticed Donald
 23804 | Swamp:2  | Killed Donald
 24153 | Swamp:3  | Received a gift from Trog
 24208 | Swamp:2  | Got a ruby-encrusted chain mail
 25020 | Swamp:3  | Noticed a thorn hunter
 25063 | Swamp:3  | Killed a thorn hunter
 25163 | Swamp:3  | Paralysed by a hornet for 3 turns
 25202 | Swamp:3  | Identified the +4 chain mail "Ucuhued" {rElec Int+6} (You found it on level 2 of the Swamp)
 25465 | Swamp:3  | Got a crude war axe
 25509 | Swamp:4  | Entered Level 4 of the Swamp
 25537 | Swamp:4  | Reached XP level 17. HP: 132/135 MP: 32/32
 25863 | Swamp:4  | Received a gift from Trog
 26838 | Swamp:4  | Got a decaying rune of Zot
 27004 | Snake:1  | Entered Level 1 of the Snake Pit
 27219 | Snake:1  | Found Vutal's Jewellery Shop.
 27220 | Snake:1  | Found Vudebb's Gadget Emporium.
 27222 | Snake:1  | Found Masumy's Jewellery Shop.
 27601 | Snake:1  | Bought the ring of the Raven {rPois rN+ AC+1 Int-3 Dex+5} for 316 gold pieces
 27698 | Snake:1  | Received a gift from Trog
 28179 | Snake:2  | Received a gift from Trog
 28182 | Snake:2  | Reached skill level 13 in Long Blades
 28637 | Snake:2  | Reached skill level 10 in Conjurations
 28637 | Snake:2  | Reached skill level 10 in Hexes
 28637 | Snake:2  | Reached skill level 10 in Charms
 28637 | Snake:2  | Reached skill level 10 in Summonings
 28637 | Snake:2  | Reached skill level 10 in Necromancy
 28637 | Snake:2  | Reached skill level 10 in Translocations
 28637 | Snake:2  | Reached skill level 10 in Transmutations
 28637 | Snake:2  | Reached skill level 10 in Fire Magic
 28637 | Snake:2  | Reached skill level 10 in Ice Magic
 28637 | Snake:2  | Reached skill level 10 in Air Magic
 28637 | Snake:2  | Reached skill level 10 in Earth Magic
 28637 | Snake:2  | Reached skill level 10 in Poison Magic
 28718 | Snake:2  | Received a gift from Trog
 28891 | Snake:2  | Reached XP level 18. HP: 93/143 MP: 33/33
 29061 | Snake:2  | Found a basalt altar of Yredelemnul.
 29145 | Snake:2  | Got a vibrating tin ring
 29165 | Snake:2  | Identified the ring "Dairghera" {*Corrode rElec rC+ EV+6 Stlth+} (You found it on level 2 of the Snake Pit)
 29766 | Snake:3  | Found Hiekinti's Book Boutique.
 29922 | Snake:3  | Noticed Aizul
 29944 | Snake:3  | Killed Aizul
 30598 | Snake:3  | Noticed Saint Roka
 30626 | Snake:3  | Killed Saint Roka
 30914 | Snake:3  | Received a gift from Trog
 31000 | Snake:4  | Entered Level 4 of the Snake Pit
 32087 | Snake:4  | Received a gift from Trog
 32746 | Snake:4  | Reached XP level 19. HP: 151/151 MP: 35/35
 32819 | Snake:4  | Received a gift from Trog
 33869 | Snake:4  | Got a serpentine rune of Zot
 34280 | Elf:1    | Entered Level 1 of the Elven Halls
 34292 | Orc:2    | Received a gift from Trog
 34407 | Elf:1    | Reached skill level 14 in Long Blades
 35151 | Elf:1    | Noticed Frances
 35161 | Elf:1    | Killed Frances
 35246 | Elf:1    | Received a gift from Trog
 35266 | Elf:1    | Identified the +2 arbalest of Classification {penet, MR+ Int-4 Dex+2} (Trog gifted it to you on level 1 of the Elven Halls)
 35641 | Elf:2    | Found Qubbuiw's Food Shoppe.
 36042 | Elf:2    | Reached XP level 20. HP: 159/159 MP: 36/36
 36086 | Elf:2    | Received a gift from Trog
 36256 | Elf:2    | Received a gift from Trog
 36326 | Elf:2    | Found a runed gate.
 36328 | Elf:2    | Found a runed gate.
 36329 | Elf:2    | Found a runed gate.
 36391 | Elf:3    | Entered Level 3 of the Elven Halls
 36527 | Elf:3    | Received a gift from Trog
 36581 | Elf:3    | Noticed Roxanne
 36599 | Elf:3    | Killed Roxanne
 36600 | Elf:3    | Identified Roxanne's Collected Works on Earth (You took it off Roxanne on level 3 of the Elven Halls)
 36650 | Elf:3    | Noticed Nikola
 36665 | Elf:3    | Killed Nikola
 38120 | Elf:3    | Noticed a Brimstone Fiend
 38435 | Elf:3    | Received a gift from Trog
 38548 | Elf:3    | Identified the cursed +0 shield of Slovenliness {rC+} (You took it off a deep elf mage on level 3 of the Elven Halls)
 38902 | Elf:3    | Noticed a Tzitzimitl
 38903 | Elf:3    | Gained mutation: You are clumsy. (Dex -2) [a neqoxec]
 38908 | Elf:3    | Gained mutation: You are dopey. (Int -2) [a neqoxec]
 38910 | Elf:3    | Gained mutation: Your muscles are strong. (Str +2) [a neqoxec]
 39114 | Elf:3    | Identified the cursed +0 chain mail "Ryuw" {rN+ Regen+ Str+2} (You took it off a deep elf master archer on level 3 of the Elven Halls)
 39263 | Elf:3    | Received a gift from Trog
 39543 | Elf:3    | Got a pair of steaming gloves
 39549 | Elf:3    | Identified the cursed +0 pair of gloves of the Shining Light {rElec rF+ Int+4} (You found it on level 3 of the Elven Halls)
 39972 | Vaults:1 | Entered Level 1 of the Vaults
 39982 | Vaults:1 | Reached XP level 21. HP: 166/166 MP: 38/38
 40651 | Vaults:1 | Received a gift from Trog
 41661 | Vaults:1 | Reached skill level 15 in Fighting
 41661 | Vaults:1 | Reached skill level 15 in Long Blades
 41732 | Vaults:1 | Received a gift from Trog
 42173 | Vaults:2 | Found a staircase to the Crypt.
 42173 | Vaults:2 | Found a basalt altar of Yredelemnul.
 42173 | Vaults:2 | Found an ancient bone altar of Kikubaaqudgha.
 42176 | Vaults:2 | Reached skill level 15 in Invocations
 42517 | Vaults:2 | Received a gift from Trog
 42550 | Vaults:2 | Found a runed gate.
 42550 | Vaults:2 | Found a runed gate.
 42550 | Vaults:2 | Found a runed gate.
 42555 | Vaults:2 | Noticed Zoenear's ghost (legendary FoFi)
 42558 | Vaults:2 | Found an iron altar of Okawaru.
 42716 | Vaults:2 | Received a gift from Trog
 42782 | Vaults:2 | Received a gift from Trog
 42960 | Vaults:2 | Reached XP level 22. HP: 138/175 MP: 40/40
 42967 | Vaults:2 | Received a gift from Trog
 44123 | Vaults:3 | Received a gift from Trog
 44445 | Vaults:3 | Found a gateway to a bazaar.
 44456 | Vaults:3 | Noticed Asterion
 44465 | Vaults:3 | Killed Asterion
 44488 | Vaults:3 | Received a gift from Trog
 44574 | Vaults:3 | Found Waecid's Distillery.
 44630 | Bazaar   | Entered a bazaar
 44630 | Bazaar   | Found Aleunaj's Food Shoppe.
 44630 | Bazaar   | Found Yllei's Armour Emporium.
 44630 | Bazaar   | Found Zoruwkiu's Magic Scroll Emporium.
 44630 | Bazaar   | Found Poli's Gadget Shoppe.
 44660 | Bazaar   | Bought a scroll of acquirement for 520 gold pieces
 44660 | Bazaar   | Bought a scroll of fog for 20 gold pieces
 44660 | Bazaar   | Bought a scroll of teleportation for 30 gold pieces
 44660 | Bazaar   | Bought a scroll of summoning for 95 gold pieces
 44660 | Bazaar   | Bought a scroll of identify for 20 gold pieces
 44660 | Bazaar   | Bought a scroll of blinking for 75 gold pieces
 44660 | Bazaar   | Bought a scroll of summoning for 95 gold pieces
 44660 | Bazaar   | Bought a scroll of identify for 20 gold pieces
 44773 | Vaults:3 | Reached skill level 15 in Armour
 44773 | Vaults:3 | Reached skill level 15 in Dodging
 44945 | Vaults:3 | Found Efoisies's Assorted Antiques.
 44954 | Vaults:3 | Bought a potion of curing for 87 gold pieces
 44954 | Vaults:3 | Bought a faintly humming plate armour for 812 gold pieces
 44954 | Vaults:3 | Bought a runed cabochon ring for 145 gold pieces
 44954 | Vaults:3 | Identified the +1 plate armour of the Commoners {+Fly rElec Int-2} (You bought it in a shop on level 3 of the Vaults)
 45650 | Vaults:4 | Noticed Jorgrun
 45668 | Vaults:4 | Killed Jorgrun
 45720 | Vaults:4 | Received a gift from Trog
 45955 | Vaults:4 | Received a gift from Trog
 46064 | Vaults:4 | Noticed an ancient lich
 46265 | Vaults:4 | Reached XP level 23. HP: 141/183 MP: 41/41
 46358 | Vaults:4 | Identified the +4 chain mail of Calculation {MR+} (You found it on level 4 of the Vaults)
 46703 | Vaults:4 | Killed an ancient lich
 46870 | Vaults:4 | Received a gift from Trog
 47324 | Vaults:4 | Found a portal to a secret trove of treasure.
 47576 | Depths:1 | Entered Level 1 of the Depths
 47630 | Depths:1 | Received a gift from Trog
 47717 | Depths:1 | Found a one-way gate to the infinite horrors of the Abyss.
 47817 | Depths:1 | Reached skill level 16 in Long Blades
 48037 | Depths:1 | Reached skill level 15 in Short Blades
 48037 | Depths:1 | Reached skill level 15 in Axes
 48037 | Depths:1 | Reached skill level 15 in Maces & Flails
 48037 | Depths:1 | Reached skill level 15 in Polearms
 48037 | Depths:1 | Reached skill level 15 in Staves
 48037 | Depths:1 | Reached skill level 15 in Slings
 48037 | Depths:1 | Reached skill level 15 in Bows
 48037 | Depths:1 | Reached skill level 15 in Crossbows
 48037 | Depths:1 | Reached skill level 15 in Throwing
 48037 | Depths:1 | Reached skill level 15 in Stealth
 48037 | Depths:1 | Reached skill level 15 in Shields
 48037 | Depths:1 | Reached skill level 15 in Unarmed Combat
 48037 | Depths:1 | Reached skill level 15 in Spellcasting
 48037 | Depths:1 | Reached skill level 15 in Evocations
 48183 | Depths:1 | Found a gateway to a ziggurat.
 48342 | Depths:1 | Found Yruceff's General Store.
 48345 | Depths:1 | Bought a scroll of blinking for 75 gold pieces
 48978 | Depths:1 | Received a gift from Trog
 48987 | Depths:1 | Identified Cufe's Grimoire of Dislocation
 48991 | Depths:1 | Identified the cursed +0 shadow dragon scales "Jocautwu" {MR+ Stlth++++} (You found it on level 1 of the Depths)
 49254 | Depths:2 | Noticed Sojobo
 49699 | Depths:2 | Reached XP level 24. HP: 191/191 MP: 42/42
 49708 | Depths:2 | Killed Sojobo
 49885 | Depths:2 | Received a gift from Trog
 50103 | Depths:2 | Noticed a caustic shrike
 50146 | Depths:2 | Killed a caustic shrike
 51042 | Depths:3 | Found a one-way gate leading to the halls of Pandemonium.
 51215 | Depths:3 | Identified the +5 morningstar "With Two Names" {flame, rC+ rN+ Dex-5} (You found it on level 3 of the Depths)
 51425 | Depths:3 | Noticed Wegesch's ghost (journeyman SpBe)
 51426 | Depths:3 | Found a runed gate.
 51426 | Depths:3 | Found a runed gate.
 51426 | Depths:3 | Found a runed gate.
 51426 | Depths:3 | Noticed Wegesch's ghost (journeyman SpBe)
 51428 | Depths:3 | Noticed Etea's ghost (journeyman SpBe)
 51918 | Depths:3 | Received a gift from Trog
 51944 | Depths:3 | Noticed Mennas
 51952 | Depths:3 | Found a glowing silver altar of Zin.
 52624 | Depths:3 | Killed Mennas
 53155 | Vaults:3 | Bought a potion of heal wounds for 75 gold pieces
 53155 | Vaults:3 | Bought a potion of heal wounds for 75 gold pieces
 53219 | Vaults:4 | You paid a toll of a +5 demon blade to enter a treasure trove
 53220 | Trove    | Entered a treasure trove
 53225 | Trove    | Found the +4 arc blade {discharge, rElec}
 53249 | Trove    | Identified the +9 demon trident "Viocohiu" {drain, MR+ Int+2} (You found it in a treasure trove)
 53268 | Trove    | Identified the +5 broad axe of Starshine {venom, rF++ rC-} (You found it in a treasure trove)
 53270 | Trove    | Identified the +1 executioner's axe of the Hills {pain, +Inv Int+2} (You found it in a treasure trove)
 53655 | Depths:3 | Identified the cursed +0 large shield of the Oligarchy {+Fly MR+ Regen+ Int+4} (You took it off a daeva on level 3 of the Depths)
 53896 | Depths:4 | Noticed Louise
 53926 | Depths:4 | Killed Louise
 54208 | Depths:4 | Paralysed by a floating eye for 2 turns
 54284 | Depths:4 | Noticed Margery
 54293 | Depths:4 | Killed Margery
 54442 | Depths:4 | Noticed Frederick
 54452 | Depths:4 | Killed Frederick
 54560 | Depths:4 | Received a gift from Trog
 54733 | Depths:4 | Noticed a juggernaut
 54742 | Depths:4 | Received a gift from Trog
 54757 | Depths:4 | Reached XP level 25. HP: 132/200 MP: 42/42
 54764 | Depths:4 | Killed a juggernaut
 55658 | Depths:5 | Entered Level 5 of the Depths
 55966 | Depths:4 | Received a gift from Trog
 56367 | Depths:5 | Reached skill level 17 in Long Blades
 57195 | Depths:5 | Found a gate to the Realm of Zot.
 57736 | Slime:1  | Entered Level 1 of the Pits of Slime
 57804 | Slime:1  | Received a gift from Trog
 57986 | Slime:5  | Entered Level 5 of the Pits of Slime
 58285 | Slime:5  | Gained mutation: Your spells are a little easier to cast, but a little less powerful. [a shining eye]
 58300 | Slime:5  | Noticed the Royal Jelly
 58412 | Slime:5  | Found a viscous altar of Jiyva.
 58433 | Slime:5  | Gained mutation: You tend to lose your temper in combat. [a shining eye]
 58864 | Slime:5  | Killed the Royal Jelly
 58864 | Slime:5  | Reached XP level 26. HP: 148/208 MP: 43/43
 59059 | Slime:5  | Got a clouded brass ring
 59060 | Slime:5  | Identified the ring of Dakato {rF+ AC+1 Int+3} (You found it on level 5 of the Pits of Slime)
 59076 | Slime:5  | Got a slimy rune of Zot
 59146 | Slime:5  | Identified the +10 plate armour of the Zebra {-Cast *Contam +Blink Dex+8} (You found it on level 5 of the Pits of Slime)
 59364 | Lair:6   | Lost mutation: You are clumsy. (Dex -2) [potion of mutation]
 59364 | Lair:6   | Lost mutation: You tend to lose your temper in combat. [potion of mutation]
 59364 | Lair:6   | Gained mutation: You can translocate small distances at will. [potion of mutation]
 59364 | Lair:6   | Lost mutation: Your spells are a little easier to cast, but a little less powerful. [potion of mutation]
 59364 | Lair:6   | Gained mutation: You are partially covered in rugged brown scales. (AC +1, +3% HP) [potion of mutation]
 59377 | Lair:6   | Upgraded the game from 0.22-a0-571-g4a923d4 to 0.22-a0-580-gd5db89c
 59770 | Vaults:5 | Entered Level 5 of the Vaults
 59855 | Vaults:5 | Received a gift from Trog
 60624 | Vaults:5 | Noticed Mara
 60633 | Vaults:5 | Noticed magipi's illusion
 61028 | Vaults:5 | Received a gift from Trog
 61298 | Vaults:5 | Noticed magipi's illusion
 61300 | Vaults:5 | Killed Mara
 61300 | Vaults:5 | Reached skill level 18 in Long Blades
 61310 | Vaults:5 | Got a warped silver amulet
 61311 | Vaults:5 | Identified the amulet "Comos" {RegenMP +Inv} (You took it off an ironbrand convoker on level 5 of the Vaults)
 61462 | Vaults:5 | Noticed an ancient lich
 61472 | Vaults:5 | Killed an ancient lich
 61489 | Vaults:5 | Received a gift from Trog
 61533 | Vaults:5 | Got a brightly glowing copper ring
 61535 | Vaults:5 | Identified the ring "Soymef" {rC+ MR+} (You took it off an orc wizard on level 5 of the Vaults)
 61547 | Vaults:5 | Identified the +8 ring mail of the Twelve Curses {Str+4 Stlth+} (You took it off a deep elf high priest on level 5 of the Vaults)
 61647 | Vaults:5 | Identified Riosuin's Disquisition on Flight and Toxins
 61880 | Vaults:5 | Received a gift from Trog
 62405 | Vaults:5 | Got a silver rune of Zot
 62554 | Vaults:5 | Reached XP level 27. HP: 219/223 MP: 43/43
 62753 | Vaults:5 | Noticed an ancient lich
 62780 | Vaults:5 | Killed an ancient lich
 63606 | D:3      | Received a gift from Trog
 63741 | Temple   | Entered the Ecumenical Temple
 64463 | Temple   | Fell from the grace of Trog
 64463 | Temple   | Became a worshipper of the Shining One
 64467 | Temple   | Learned a level 1 spell: Apportation
 64470 | Temple   | Learned a level 2 spell: Blink
 64474 | Temple   | Learned a level 3 spell: Recall
 64480 | Temple   | Learned a level 5 spell: Aura of Abjuration
 64780 | Crypt:1  | Entered Level 1 of the Crypt
 64811 | Crypt:1  | Reached * piety under the Shining One
 65308 | Crypt:1  | Reached ** piety under the Shining One
 65681 | Crypt:1  | Reached *** piety under the Shining One
 65951 | Crypt:2  | Reached **** piety under the Shining One
 65964 | Crypt:2  | Found an ancient bone altar of Kikubaaqudgha.
 66004 | Crypt:2  | Identified the Almanac of Black Arts
 66194 | Crypt:2  | Reached ***** piety under the Shining One
 66424 | Crypt:2  | Found a shimmering altar of Xom.
 66424 | Crypt:2  | Noticed Nimomuku's ghost (adept GrFi)
 66425 | Crypt:2  | Found a runed door.
 66599 | Crypt:2  | Noticed an ancient lich
 66606 | Crypt:2  | Killed an ancient lich
 66740 | Crypt:2  | Found the +6 Majin-Bo {vamp, Archmagi MP+6 Int+6}
 66817 | Crypt:3  | Entered Level 3 of the Crypt
 66860 | Crypt:3  | Reached skill level 19 in Long Blades
 67066 | Crypt:3  | Reached skill level 15 in Conjurations
 67066 | Crypt:3  | Reached skill level 15 in Hexes
 67066 | Crypt:3  | Reached skill level 15 in Charms
 67066 | Crypt:3  | Reached skill level 15 in Summonings
 67066 | Crypt:3  | Reached skill level 15 in Necromancy
 67066 | Crypt:3  | Reached skill level 15 in Translocations
 67066 | Crypt:3  | Reached skill level 15 in Transmutations
 67066 | Crypt:3  | Reached skill level 15 in Fire Magic
 67066 | Crypt:3  | Reached skill level 15 in Ice Magic
 67066 | Crypt:3  | Reached skill level 15 in Air Magic
 67066 | Crypt:3  | Reached skill level 15 in Earth Magic
 67066 | Crypt:3  | Reached skill level 15 in Poison Magic
 67079 | Crypt:3  | Found a staircase to the Tomb.
 67152 | Crypt:3  | Reached ****** piety under the Shining One
 67225 | Crypt:3  | Identified a +9 longbow of holy wrath (a +7 longbow of flaming blessed by the Shining One)
 67225 | Crypt:3  | Received a gift from the Shining One
 67234 | Crypt:3  | Found a basalt altar of Yredelemnul.
 67526 | Crypt:3  | Identified the +4 scale mail of Miracles {Str+3} (You found it on level 3 of the Crypt)
 68218 | Crypt:3  | Learned a level 6 spell: Deflect Missiles
 68300 | Crypt:2  | Killed Nimomuku's ghost
 68307 | Crypt:2  | Learned a level 1 spell: Summon Butterflies
 69479 | Snake:3  | Bought a book of Debilitation for 560 gold pieces
 69483 | Snake:3  | Learned a level 3 spell: Portal Projectile
 69912 | Vaults:2 | Killed Zoenear's ghost
 70265 | Depths:3 | Noticed Wegesch's ghost (journeyman SpBe)
 70275 | Depths:3 | Killed Wegesch's ghost
 70286 | Depths:3 | Killed Wegesch's ghost
 70293 | Depths:3 | Killed Etea's ghost
 70309 | Depths:3 | Killed Wegesch's ghost
 70320 | Depths:3 | Got a slimy platinum amulet
 70321 | Depths:3 | Identified the amulet "Pamuoriu" {RegenMP rF++ Str-2 Dex+2 SInv} (You found it on level 3 of the Depths)
 70432 | Hell     | Entered the Vestibule of Hell
 70432 | Hell     | Found a gateway to the ashen valley of Gehenna.
 70432 | Hell     | Noticed Geryon
 70545 | Hell     | Killed Geryon
 70644 | Hell     | Paralysed by Trog for 3 turns
 70676 | Hell     | Found a gateway to the decaying netherworld of Tartarus.
 70776 | Hell     | Noticed Murray
 70795 | Hell     | Killed Murray
 70942 | Hell     | Found a gateway to the freezing wastes of Cocytus.
 71194 | Hell     | Found a gateway to the Iron City of Dis.
 71329 | Pan      | Entered Pandemonium
 71569 | Pan      | Noticed Bittaruo the pandemonium lord
 71569 | Pan      | Lost mutation: You are dopey. (Int -2) [a neqoxec]
 71587 | Pan      | Killed Bittaruo the pandemonium lord
 71587 | Pan      | Reached skill level 20 in Long Blades
 71711 | Pan      | Found a transporter.
 71753 | Pan      | Gained mutation: You are frail. (-10% HP) [a cacodemon]
 71781 | Pan      | Noticed Vatastaw the pandemonium lord
 71807 | Pan      | HP: 2/204 [Vatastaw the pandemonium lord (38)]
 71826 | Pan      | Killed Vatastaw the pandemonium lord
 72005 | Pan      | Identified the +4 large shield of Life {rN+} (You acquired it in Pandemonium)
 72158 | Pan      | Paralysed by a sphinx for 6 turns
 72283 | Pan      | Noticed Hyefaura the pandemonium lord
 72307 | Pan      | Killed Hyefaura the pandemonium lord
 72804 | Pan      | Found an exit through the horrors of the Abyss.
 72872 | Pan      | Identified the +5 pair of gloves "Ytea" {-Cast rF+ MP+9 Dex+3 Slay+3} (You acquired it in Pandemonium)
 73040 | Pan      | Noticed Finlekly the pandemonium lord
 73053 | Pan      | Killed Finlekly the pandemonium lord
 73160 | Pan      | Identified the +5 plate armour "Gulynida" {rPois rC+ rN+ Dex-4} (You found it in Pandemonium)
 73223 | Pan      | Noticed Tuthruge the pandemonium lord
 73240 | Pan      | Killed Tuthruge the pandemonium lord
 73309 | Pan      | HP: 4/206 [stone giant[the rage of Trog] (24)]
 73673 | Pan      | Found a runed door.
 73717 | Pan      | Found a runed door.
 73732 | Pan      | Found a runed door.
 73734 | Pan      | Noticed Illuovui the pandemonium lord
 73753 | Pan      | Killed Illuovui the pandemonium lord
 73768 | Pan      | Found a runed door.
 73943 | Pan      | Noticed Yfeagh the pandemonium lord
 73984 | Pan      | Gained mutation: You are dopey. (Int -2) [a cacodemon]
 74010 | Pan      | Reached skill level 21 in Long Blades
 74040 | Pan      | Killed Yfeagh the pandemonium lord
 74746 | Pan      | Noticed Ateckifeqo the pandemonium lord
 74765 | Pan      | Killed Ateckifeqo the pandemonium lord
 75113 | Pan      | Got a demonic rune of Zot
 75117 | Pan      | Entered the realm of Mnoleg.
 75136 | Pan      | Was forgiven by Trog
 75538 | Pan      | Gained mutation: Scrolls take you a little longer to read. [a cacodemon]
 75600 | Pan      | Noticed Mnoleg
 75615 | Pan      | Paralysed by a floating eye for 3 turns
 75626 | Pan      | Killed Mnoleg
 75732 | Pan      | Got a glowing rune of Zot
 75815 | Pan      | Lost mutation: Scrolls take you a little longer to read. [potion of mutation]
 75815 | Pan      | Lost mutation: You are frail. (-10% HP) [potion of mutation]
 75815 | Pan      | Lost mutation: You are dopey. (Int -2) [potion of mutation]
 75815 | Pan      | Lost mutation: You are partially covered in rugged brown scales. (AC +1, +3% HP) [potion of mutation]
 75815 | Pan      | Gained mutation: You are partially covered in yellow scales. (AC +2) [potion of mutation]
 75815 | Pan      | Gained mutation: You have a pair of small horns on your head. [potion of mutation]
 76155 | Pan      | Entered the realm of Gloorx Vloq.
 76527 | Pan      | Noticed Gloorx Vloq
 76542 | Pan      | Killed Gloorx Vloq
 76692 | Pan      | Got a dark rune of Zot
 76778 | Pan      | Noticed Inoivvi the pandemonium lord
 76956 | Pan      | Found an exit through the horrors of the Abyss.
 76966 | Pan      | Entered the realm of Lom Lobon.
 77362 | Pan      | Reached skill level 22 in Long Blades
 77570 | Pan      | Noticed Lom Lobon
 77599 | Pan      | Killed Lom Lobon
 77615 | Pan      | Got a magical rune of Zot
 78106 | Pan      | Entered the realm of Cerebov.
 78294 | Pan      | Found an exit through the horrors of the Abyss.
 78735 | Pan      | Noticed Cerebov
 78970 | Pan      | Identified the +2 helmet of Amorality {+Blink rN+ Int+4} (You found it in Pandemonium)
 78985 | Pan      | Got a heavily runed granite ring
 78986 | Pan      | Identified the ring "Ciuxena" {MP+9 Dex+3} (You found it in Pandemonium)
 79014 | Pan      | Identified the Guide on Aid and Black Rituals
 79053 | Pan      | Identified Sif Muna's Volume of the Glacier
 79135 | Pan      | Killed Cerebov
 79172 | Pan      | Got a fiery rune of Zot
 79279 | Pan      | Took an exit into the Abyss.
 79279 | Abyss:1  | Escaped into the Abyss
 79630 | Abyss:2  | Found a corrupted altar of Lugonu.
 79706 | Abyss:3  | Got an abyssal rune of Zot
 79759 | Abyss:3  | Found a corrupted altar of Lugonu.
 80130 | Depths:3 | Escaped the Abyss
 81036 | Coc:1    | Entered Level 1 of Cocytus
 81199 | Coc:4    | You are sucked into a shaft for 2 floors!
 81230 | Coc:7    | Entered Level 7 of Cocytus
 81347 | Coc:7    | Noticed the Serpent of Hell
 81360 | Coc:7    | Killed the Serpent of Hell
 81647 | Coc:5    | Reached skill level 23 in Long Blades
 82509 | Coc:7    | Got an icy rune of Zot
 82516 | Coc:7    | Noticed Antaeus
 82547 | Coc:7    | HP: 2/226 [Antaeus (46)]
 82547 | Coc:7    | Slain by Antaeus

Vault maps used:
D:1:      eino_arrival_water_star
D:2:      first_ration
D:3:      gammafunk_temple_overflow_arena, uniq_sigmund
D:4:      uniq_duvessa, uniq_crazy_yiuf_cottage
D:5:      minmay_temple_entry_butterflies
D:6:      nicolae_ru_awakened_eye
D:7:      nicolae_dithmenos_shadow_blocks, basic_altar, uniq_menkaure
D:8:      serial_shops, shop, shop
D:9:      okawaru_trees_1, lemuel_blue_sif_altar, zin_academy, demons_altar,
          david_lair_shrubbed, hangedman_fish_farm, uniq_grum
D:10:     hiddenorc2_lemuel, minmay_checkerbox
D:11:     minmay_lizard_king, uniq_josephine
D:12:     serial_shops, shop, kennysheep_boxes
D:14:     grunt_vaults_entry_fortified, enter_bailey_3,
          minmay_misc_feat_diagonals
D:15:     hangedman_depths_entry_try_elsewhere_first, nicolae_twisting_strands,
          st_stairs_6
Temple:   regret_index_temple_waves
Lair:2:   grunt_megastairs_1
Lair:3:   lemuel_ratsnest, uniq_prince_ribbit2
Lair:4:   minmay_swamp_entry_swarm, minmay_snake_entry_guardpost_medium,
          nicolae_volcano_entry_vermiform, kennysheep_rathole,
          serial_bayou_shore_b, serial_bayou_shore_b
Lair:5:   lab_entry_generic, grunt_megastairs_3, serial_bayou_shore_b,
          lemuel_fruit_fields
Lair:6:   evil_forest, slime_altar_1, guppyfry_lair_drakes
Swamp:1:  evilmike_swamp_ruin_rubble_2, hangedman_swamp_muck
Swamp:2:  cheibrodos_swamp_tower_of_moss, hangedman_swamp_ruin_wall, uniq_donald
Swamp:3:  evilmike_swamp_ruin_house_2
Swamp:4:  swamp_basic_johnstein
Snake:1:  cheibrodos_snake_lava_hold, serial_bayou_shore_a, lemuel_fruit_tree,
          minmay_shop_grove
Snake:2:  basic_altar
Snake:3:  serial_shops, shop, grunt_ministairs_6, st_stairs_5,
          nicolae_large_snake_swirl, uniq_saint_roka, uniq_aizul
Snake:4:  snake_pit_salamanders_mu, st_stairs_8, serial_bayou_shore_b
Slime:2:  cheibrodos_slime_lost_civilization_6
Slime:4:  nicolae_slime_phagocytosis
Orc:1:    uniq_gastronok
Orc:2:    grunt_orc_cross, serial_shops, nicolae_shop_behind_doors
Elf:1:    eino_elf_arrival_the_gate, serial_sigils,
          serial_sigils_hangedman_confine, serial_sigils_hangedman_writhe,
          serial_sigils_hangedman_quiver, serial_sigils_hangedman_shear,
          serial_sigils_hangedman_clutch, hangedman_corner_corridor,
          minmay_misc_feat_ornament, grunt_ministairs_11,
          palyth_stone_intersect, minivault_16, statue_in_the_mist_lemuel,
          uniq_frances
Elf:2:    serial_shops, nicolae_shop_crystal, minmay_misc_feat_five
Elf:3:    elf_hall, basic_stair_grate_trap, uniq_nikola, uniq_roxanne
Vaults:1: v_alt_pattern_4, vaults_dpeg_hooks, v_pattern_4, st_more_cells,
          v_misc_26, hangedman_vaults_trim,
          nicolae_vaults_windows_and_doors_thing, ontoclasm_vaults_chip
Vaults:2: gammafunk_vaults_ghost_fury_of_okawaru, minmay_crypt_entry_necro_gods,
          v_rooms_3, hangedman_vaults_corner_blocks, v_misc_10, v_misc_4,
          vaults_standard_mumra_x, vaults_dpeg_diagonal,
          hangedman_vaults_corner_blocks, v_misc_17, v_misc_29,
          nicolae_vaults_mini_display_case, ontoclasm_vaults_ring_large,
          v_misc_17
Vaults:3: nicolae_vaults_inception_scallops, ontoclasm_vaults_hangar,
          nicolae_vaults_circle_grid_a, hangedman_vaults_river_flow, v_rooms_4,
          hangedman_vaults_slice, vaults_room_octagon, vaults_room_corners,
          vaults_mumra_minichess_inversion, ontoclasm_vaults_chip,
          ontoclasm_vaults_fault, v_misc_24, serial_shops, statue_bzr, shop,
          shop, uniq_asterion
Vaults:4: vaults_room_pools, vaults_room_stairs_pillars,
          nicolae_vaults_minivaults, v_misc_26, nicolae_vaults_three_branches,
          v_pattern_1, hangedman_vaults_snaps, nicolae_vaults_network_square,
          portal_desolation_entry_nicolae_slug,
          nicolae_trove_entry_path_of_doom, uniq_jorgrun
Vaults:5: serial_shops, uniq_mara
Crypt:1:  grunt_megastairs_2, grunt_crypt_arrival_guarded_gate
Crypt:2:  minmay_guarded_unrand_majin_bo, ebering_ghost_xom,
          weyrava_vampire_temple
Crypt:3:  church_of_pain_bobbens
Depths:1: enter_ziggurat_f, serial_shops, nicolae_shop_stone,
          minmay_tree_intersection, hell_entry, hangedman_abyss_entry_splay,
          minmay_stone_trees_small, st_stairs_12, minmay_evil_grid,
          infiniplex_staircase_pool_lava
Depths:2: minmay_dotted_concentric_squares, hell_entry, minmay_misc_feat_x,
          uniq_sojobo
Depths:3: evilmike_silver_temple, gammafunk_ghost_cemetery, hell_entry,
          grunt_pan_entry_zigzag, serial_sigils_hangedman_leer
Depths:4: minmay_the_grid_triangle_9x9_rhombus_thin_mashed,
          nicolae_abyss_entry_one_way_or_another, chequers_big_river,
          hell_entry, uniq_margery, uniq_frederick
Depths:5: grunt_zot_entry_bicorn, pan_entry, hell_entry
Coc:7:    coc_dpeg
Abyss:3:  grunt_abyss_rune_wretched_hive, evilmike_abyss_exit_9
Pan:      rand_demon_5, pan_blood_fountain_small, evilmike_mini_pan_3x3,
          pan_blood_fountain_small, pan_surprise, gammafunk_dig_for_victory,
          pan_blood_fountain_2, evilmike_mini_pan_corridor, rand_demon_7,
          pan_blood_fountain, evilmike_mini_pan_T, grunt_pan_zigzag,
          pan_blood_fountain, evilmike_mini_pan_T, evilmike_mini_pan_V,
          rand_demon_6, nicolae_pan_mnolegish_3, grunt_pan_spiral, rand_demon_7,
          evilmike_mini_pan_V, pan_blood_fountain_small,
          evilmike_mini_pan_corridor, pan_blood_fountain_small,
          nicolae_pan_sigil_eeng, mnoleg_st, nicolae_pan_gloorx_vloqian_3,
          evilmike_mini_pan_pillars, pan_blood_fountain, rand_demon_1,
          pan_blood_fountain, nicolae_pan_gloorx_vloqian_3, gloorx_vloq_st,
          pan_disco_hall, lom_lobon_grunt_wind_tunnels,
          nicolae_pan_cerebovesque_4, reaverb_pan_figure_eight,
          grunt_pan_zigzag, evilmike_mini_pan_doors_b, cerebov,
          reaverb_pan_squares, nicolae_pan_gloorx_vloqian_2
Bazaar:   bazaar_minmay_row
Trove:    trove_weapon_1
Bailey:   bailey_axe_2, bailey

Skill      XL: |  1  2  3  4  5  6  7  8  9 10 11 12 13 14 15 16 17 18 19 20 21 22 23 24 25 26 27 |
---------------+----------------------------------------------------------------------------------+-----
Invocations    | 1 2 3 4 5 6 7 8 9 10 11 12 13 14 15 16 17 18 21 | 21.5
Short Blades   | 1 2 3 4 5 6 7 8 9 10 11 12 13 14 15 16 20 | 20.0
Axes           | 1 2 3 4 5 6 7 8 9 10 11 12 13 14 15 16 20 | 20.0
Maces & Flails | 1 2 3 4 5 6 7 8 9 10 11 12 13 14 15 16 17 22 | 22.8
Polearms       | 1 2 3 4 5 6 7 8 9 10 11 12 13 14 15 16 20 | 20.0
Staves         | 1 2 3 4 5 6 7 8 9 10 11 12 13 14 15 16 20 | 20.0
Slings         | 1 2 3 4 5 6 7 8 9 10 11 12 13 14 15 16 20 | 20.0
Bows           | 1 2 3 4 5 6 7 8 9 10 11 12 13 14 15 16 20 | 20.0
Crossbows      | 1 2 3 4 5 6 7 8 9 10 11 12 13 14 15 16 20 | 20.0
Throwing       | 1 2 3 4 5 6 7 8 9 10 11 12 13 14 15 16 20 | 20.0
Stealth        | 1 2 3 4 5 6 7 8 9 10 11 12 13 14 15 16 20 | 20.0
Shields        | 1 2 3 4 5 6 7 8 9 10 11 12 13 14 15 16 20 | 20.0
Unarmed Combat | 1 2 3 4 5 6 7 8 9 10 11 12 13 14 15 16 20 | 20.0
Spellcasting   | 1 2 3 4 5 6 7 8 9 10 11 12 13 14 15 16 20 | 20.0
Evocations     | 1 2 3 4 5 6 7 8 9 10 11 12 13 14 15 16 20 | 20.0
Conjurations   | 1 2 3 4 5 6 7 8 9 10 11 12 13 14 17 | 17.3
Hexes          | 1 2 3 4 5 6 7 8 9 10 11 12 13 14 17 | 17.3
Charms         | 1 2 3 4 5 6 7 8 9 10 11 12 13 14 17 | 17.3
Summonings     | 1 2 3 4 5 6 7 8 9 10 11 12 13 14 17 | 17.3
Necromancy     | 1 2 3 4 5 6 7 8 9 10 11 12 13 14 17 | 17.3
Translocations | 1 2 3 4 5 6 7 8 9 10 11 12 13 14 17 | 17.3
Transmutations | 1 2 3 4 5 6 7 8 9 10 11 12 13 14 17 | 17.3
Fire Magic     | 1 2 3 4 5 6 7 8 9 10 11 12 13 14 17 | 17.3
Ice Magic      | 1 2 3 4 5 6 7 8 9 10 11 12 13 14 17 | 17.3
Air Magic      | 1 2 3 4 5 6 7 8 9 10 11 12 13 14 17 | 17.3
Earth Magic    | 1 2 3 4 5 6 7 8 9 10 11 12 13 14 17 | 17.3
Poison Magic   | 1 2 3 4 5 6 7 8 9 10 11 12 13 14 17 | 17.3
Armour         | 5 6 7 8 9 10 11 12 13 14 15 16 17 20 | 20.4
Dodging        | 5 6 7 8 9 10 11 12 13 14 15 16 17 20 | 20.4
Fighting       | 7 8 9 10 11 12 13 14 15 16 17 20 | 20.7
Long Blades    | 7 8 9 10 11 12 13 14 15 16 17 18 23 | 23.3

Action                   |  1- 3 |  4- 6 |  7- 9 | 10-12 | 13-15 | 16-18 | 19-21 | 22-24 | 25-27 || total
-------------------------+-------+-------+-------+-------+-------+-------+-------+-------+-------++-------
Melee: Falchion          |    65 |    40 |       |       |       |       |       |       |       ||   105
       Bite              |    12 |    15 |    69 |    96 |    52 |    53 |    62 |   118 |   332 ||   809
       Long sword        |    48 |    81 |   440 |   293 |       |       |       |       |       ||   862
       Punch             |       |       |     7 |     1 |       |       |       |       |       ||     8
       Battleaxe         |       |       |       |   267 |   329 |   365 |   346 |   652 |  1105 ||  3064
       Longbow           |       |       |       |       |     2 |       |     1 |       |       ||     3
       Great mace        |       |       |       |       |       |     4 |       |       |       ||     4
       Dagger            |       |       |       |       |       |       |     1 |       |       ||     1
       Great sword       |       |       |       |       |       |       |       |       |   646 ||   646
       Headbutt          |       |       |       |       |       |       |       |       |   190 ||   190
 Fire: Longbow           |       |       |       |   169 |  1276 |  1407 |  1393 |  1368 |  3023 ||  8636
Throw: Throwing net      |       |       |       |       |       |       |       |       |     6 ||     6
 Cast: Apportation       |       |       |       |       |       |       |       |       |    90 ||    90
       Portal Projectile |       |       |       |       |       |       |       |       |    35 ||    35
       Blink             |       |       |       |       |       |       |       |       |     8 ||     8
       Deflect Missiles  |       |       |       |       |       |       |       |       |     1 ||     1
Invok: Berserk           |       |     3 |     6 |     8 |     2 |     4 |     5 |     2 |     1 ||    31
       Trog's Hand       |       |     1 |       |       |     8 |     5 |    16 |    14 |    11 ||    55
       Brothers in Arms  |       |       |       |       |     1 |     1 |       |     4 |     1 ||     7
       Summon Divine War |       |       |       |       |       |       |       |       |    36 ||    36
       Cleansing Flame   |       |       |       |       |       |       |       |       |    32 ||    32
       Brand Weapon With |       |       |       |       |       |       |       |       |     1 ||     1
 Abil: Stop Flying       |       |       |       |       |       |       |       |       |     1 ||     1
       Evoke Flight      |       |       |       |       |       |       |       |       |     1 ||     1
Evoke: Wand              |       |       |       |     2 |    10 |    19 |    14 |    12 |    34 ||    91
       Lamp of fire      |       |       |       |       |       |       |       |     3 |     3 ||     6
  Use: Scroll            |     3 |     4 |    11 |     9 |    13 |     6 |    16 |    15 |    52 ||   129
       Potion            |       |       |       |       |       |     5 |     2 |     6 |    35 ||    48
 Stab: Paralysed         |       |       |       |       |     2 |       |     3 |       |       ||     5
       Invisible         |       |       |       |       |       |     5 |       |       |       ||     5
       Distracted        |       |       |       |       |       |       |       |     3 |     1 ||     4
  Eat: Chunk             |       |     6 |    15 |    26 |    29 |    19 |    21 |    31 |    35 ||   182
       Ration            |       |       |     1 |     1 |     4 |     7 |     6 |     4 |    21 ||    44
Armor: Scale mail        |    45 |    51 |     7 |       |       |       |       |       |       ||   103
       Animal skin       |     3 |       |       |       |       |       |       |       |       ||     3
       Chain mail        |       |       |   267 |   208 |       |   288 |   333 |       |       ||  1096
       Plate armour      |       |       |       |   258 |   766 |   550 |       |       |       ||  1574
       Ring mail         |       |       |       |       |       |       |    67 |       |       ||    67
       Ice dragon scales |       |       |       |       |       |       |    71 |   600 |  1630 ||  2301
Dodge: Dodged            |    76 |    54 |   231 |   411 |   664 |   814 |   708 |  1114 |  2967 ||  7039
       Deflected         |       |       |       |       |       |       |       |       |    41 ||    41
       Rpst.: Falchion   |    12 |     4 |       |       |       |       |       |       |       ||    16
       Long sword        |     6 |     9 |    74 |    47 |       |       |       |       |       ||   136
       Great sword       |       |       |       |       |       |       |       |       |   111 ||   111

Table legend:
 A = Spawn XP
 B = Non-spawn XP
 C = Spawn XP percentage of total XP
 D = Spawn monster count
 E = Non-spawn monster count
 F = Spawn count percentage of total count
 G = Total turns spent on level
                    A         B        C        D         E        F      G
               +---------+---------+-------+---------+---------+-------+---------
         Total |   73164 | 2140062 |   3.3 |     119 |    3284 |   3.5 | 82547
               +---------+---------+-------+---------+---------+-------+---------
           D:1 |       0 |      28 |   0.0 |       0 |      15 |   0.0 |   518
           D:2 |       0 |      38 |   0.0 |       0 |      15 |   0.0 |   436
           D:3 |       0 |    1256 |   0.0 |       0 |      28 |   0.0 |  1063
           D:4 |       0 |     760 |   0.0 |       0 |      21 |   0.0 |  1214
           D:5 |       0 |     780 |   0.0 |       0 |      20 |   0.0 |   843
           D:6 |       0 |     605 |   0.0 |       0 |      17 |   0.0 |  1019
           D:7 |       0 |    1847 |   0.0 |       0 |      28 |   0.0 |   862
           D:8 |       0 |    1136 |   0.0 |       0 |      16 |   0.0 |   830
           D:9 |       0 |    3677 |   0.0 |       0 |      43 |   0.0 |  1680
          D:10 |       0 |    2403 |   0.0 |       0 |      51 |   0.0 |  1626
          D:11 |       0 |    6622 |   0.0 |       0 |      40 |   0.0 |  1184
          D:12 |       0 |    6413 |   0.0 |       0 |      36 |   0.0 |  1020
          D:13 |       0 |    6104 |   0.0 |       0 |      26 |   0.0 |  1101
          D:14 |       0 |   15997 |   0.0 |       0 |      44 |   0.0 |  1501
          D:15 |       0 |   14489 |   0.0 |       0 |      57 |   0.0 |  1541
        Lair:1 |       0 |    3661 |   0.0 |       0 |      18 |   0.0 |   936
        Lair:2 |       0 |    6648 |   0.0 |       0 |      21 |   0.0 |   925
        Lair:3 |       0 |    3953 |   0.0 |       0 |      13 |   0.0 |   835
        Lair:4 |       0 |    6165 |   0.0 |       0 |      36 |   0.0 |  1250
        Lair:5 |       0 |    4295 |   0.0 |       0 |      17 |   0.0 |   630
        Lair:6 |       0 |   26401 |   0.0 |       0 |      85 |   0.0 |  2011
       Swamp:1 |       0 |   19787 |   0.0 |       0 |      48 |   0.0 |  1024
       Swamp:2 |       0 |   11136 |   0.0 |       0 |      28 |   0.0 |   729
       Swamp:3 |       0 |   17473 |   0.0 |       0 |      43 |   0.0 |  1148
       Swamp:4 |       0 |   26037 |   0.0 |       0 |      52 |   0.0 |  1416
       Snake:1 |       0 |   16368 |   0.0 |       0 |      31 |   0.0 |  1152
       Snake:2 |       0 |   24828 |   0.0 |       0 |      45 |   0.0 |  1188
       Snake:3 |       0 |   28039 |   0.0 |       0 |      53 |   0.0 |  1819
       Snake:4 |       0 |   83267 |   0.0 |       0 |     127 |   0.0 |  3024
       Slime:1 |       0 |    8067 |   0.0 |       0 |      16 |   0.0 |   149
       Slime:2 |       0 |     813 |   0.0 |       0 |       3 |   0.0 |    49
       Slime:4 |       0 |   11797 |   0.0 |       0 |      20 |   0.0 |   398
       Slime:5 |       0 |   41428 |   0.0 |       0 |      31 |   0.0 |   976
         Orc:1 |       0 |    6162 |   0.0 |       0 |      35 |   0.0 |   710
         Orc:2 |       0 |   13892 |   0.0 |       0 |      80 |   0.0 |  1434
         Elf:1 |       0 |   19904 |   0.0 |       0 |      31 |   0.0 |  1336
         Elf:2 |       0 |   36717 |   0.0 |       0 |      53 |   0.0 |  1484
         Elf:3 |       0 |   75495 |   0.0 |       0 |      69 |   0.0 |  2688
      Vaults:1 |       0 |   56859 |   0.0 |       0 |      90 |   0.0 |  2805
      Vaults:2 |       0 |   79644 |   0.0 |       0 |     120 |   0.0 |  2659
      Vaults:3 |       0 |   41384 |   0.0 |       0 |      72 |   0.0 |  2048
      Vaults:4 |       0 |   87704 |   0.0 |       0 |     101 |   0.0 |  2365
      Vaults:5 |       0 |  191609 |   0.0 |       0 |     136 |   0.0 |  3469
       Crypt:1 |       0 |   18347 |   0.0 |       0 |      45 |   0.0 |  1153
       Crypt:2 |       0 |   33646 |   0.0 |       0 |      36 |   0.0 |  1025
       Crypt:3 |       0 |   64886 |   0.0 |       0 |     103 |   0.0 |  1438
      Depths:1 |       0 |   62607 |   0.0 |       0 |      80 |   0.0 |  2204
      Depths:2 |       0 |   66604 |   0.0 |       0 |      74 |   0.0 |  1616
      Depths:3 |       0 |   42616 |   0.0 |       0 |      36 |   0.0 |  2499
      Depths:4 |       0 |   80527 |   0.0 |       0 |      80 |   0.0 |  2286
      Depths:5 |       0 |   53728 |   0.0 |       0 |      46 |   0.0 |  1480
          Hell |       0 |   65597 |   0.0 |       0 |     106 |   0.0 |  1080
         Coc:1 |       0 |     127 |   0.0 |       0 |       1 |   0.0 |    23
         Coc:2 |       0 |    1207 |   0.0 |       0 |       4 |   0.0 |    23
         Coc:3 |       0 |   21201 |   0.0 |       0 |      27 |   0.0 |    69
         Coc:4 |       0 |    4645 |   0.0 |       0 |      17 |   0.0 |   107
         Coc:5 |       0 |   25729 |   0.0 |       0 |      52 |   0.0 |   220
         Coc:6 |       0 |    1157 |   0.0 |       0 |       5 |   0.0 |    47
         Coc:7 |       0 |  110528 |   0.0 |       0 |     115 |   0.0 |   824
       Abyss:1 |    6331 |    4389 |  59.1 |      18 |      10 |  64.3 |   351
       Abyss:2 |       0 |     212 |   0.0 |       0 |       1 |   0.0 |    40
       Abyss:3 |   10927 |   18127 |  37.6 |      18 |      41 |  30.5 |   460
           Pan |   55906 |  451642 |  11.0 |      83 |     440 |  15.9 |  7950
        Bailey |       0 |     852 |   0.0 |       0 |      34 |   0.0 |   337
               +---------+---------+-------+---------+---------+-------+---------

Action                   |  1- 3 |  4- 6 |  7- 9 | 10-12 | 13-15 | 16-18 | 19-21 | 22-24 | 25-27 || total
-------------------------+-------+-------+-------+-------+-------+-------+-------+-------+-------++-------
Melee: Falchion          |    65 |    40 |       |       |       |       |       |       |       ||   105
       Bite              |    12 |    15 |    69 |    96 |    52 |    53 |    62 |   118 |   332 ||   809
       Long sword        |    48 |    81 |   440 |   293 |       |       |       |       |       ||   862
       Punch             |       |       |     7 |     1 |       |       |       |       |       ||     8
       Battleaxe         |       |       |       |   267 |   329 |   365 |   346 |   652 |  1105 ||  3064
       Longbow           |       |       |       |       |     2 |       |     1 |       |       ||     3
       Great mace        |       |       |       |       |       |     4 |       |       |       ||     4
       Dagger            |       |       |       |       |       |       |     1 |       |       ||     1
       Great sword       |       |       |       |       |       |       |       |       |   646 ||   646
       Headbutt          |       |       |       |       |       |       |       |       |   190 ||   190
 Fire: Longbow           |       |       |       |   169 |  1276 |  1407 |  1393 |  1368 |  3023 ||  8636
Throw: Throwing net      |       |       |       |       |       |       |       |       |     6 ||     6
 Cast: Apportation       |       |       |       |       |       |       |       |       |    90 ||    90
       Portal Projectile |       |       |       |       |       |       |       |       |    35 ||    35
       Blink             |       |       |       |       |       |       |       |       |     8 ||     8
       Deflect Missiles  |       |       |       |       |       |       |       |       |     1 ||     1
Invok: Berserk           |       |     3 |     6 |     8 |     2 |     4 |     5 |     2 |     1 ||    31
       Trog's Hand       |       |     1 |       |       |     8 |     5 |    16 |    14 |    11 ||    55
       Brothers in Arms  |       |       |       |       |     1 |     1 |       |     4 |     1 ||     7
       Summon Divine War |       |       |       |       |       |       |       |       |    36 ||    36
       Cleansing Flame   |       |       |       |       |       |       |       |       |    32 ||    32
       Brand Weapon With |       |       |       |       |       |       |       |       |     1 ||     1
 Abil: Stop Flying       |       |       |       |       |       |       |       |       |     1 ||     1
       Evoke Flight      |       |       |       |       |       |       |       |       |     1 ||     1
Evoke: Wand              |       |       |       |     2 |    10 |    19 |    14 |    12 |    34 ||    91
       Lamp of fire      |       |       |       |       |       |       |       |     3 |     3 ||     6
  Use: Scroll            |     3 |     4 |    11 |     9 |    13 |     6 |    16 |    15 |    52 ||   129
       Potion            |       |       |       |       |       |     5 |     2 |     6 |    35 ||    48
 Stab: Paralysed         |       |       |       |       |     2 |       |     3 |       |       ||     5
       Invisible         |       |       |       |       |       |     5 |       |       |       ||     5
       Distracted        |       |       |       |       |       |       |       |     3 |     1 ||     4
  Eat: Chunk             |       |     6 |    15 |    26 |    29 |    19 |    21 |    31 |    35 ||   182
       Ration            |       |       |     1 |     1 |     4 |     7 |     6 |     4 |    21 ||    44
Armor: Scale mail        |    45 |    51 |     7 |       |       |       |       |       |       ||   103
       Animal skin       |     3 |       |       |       |       |       |       |       |       ||     3
       Chain mail        |       |       |   267 |   208 |       |   288 |   333 |       |       ||  1096
       Plate armour      |       |       |       |   258 |   766 |   550 |       |       |       ||  1574
       Ring mail         |       |       |       |       |       |       |    67 |       |       ||    67
       Ice dragon scales |       |       |       |       |       |       |    71 |   600 |  1630 ||  2301
Dodge: Dodged            |    76 |    54 |   231 |   411 |   664 |   814 |   708 |  1114 |  2967 ||  7039
       Deflected         |       |       |       |       |       |       |       |       |    41 ||    41
       Rpst.: Falchion   |    12 |     4 |       |       |       |       |       |       |       ||    16
       Long sword        |     6 |     9 |    74 |    47 |       |       |       |       |       ||   136
       Great sword       |       |       |       |       |       |       |       |       |   111 ||   111
